 Dungeon Crawl Stone Soup version 0.30-a0-738-g116ff8c4af (webtiles) character file.

Game seed: 3280933156047141763

17774889 Khashishi the Conqueror (level 27, 249/249 HPs)
             Began as a Mummy Monk on Feb 1, 2023.
             Was the Champion of Makhleb.
             Escaped with the Orb
             ... and 15 runes on Feb 4, 2023!
             The game lasted 12:18:07 (87063 turns).

Khashishi the Conqueror (Mummy Monk)               Turns: 87063, Time: 12:18:07

Health: 249/249    AC: 39    Str: 19 (23) XL:     27
Magic:  54/54      EV: 23    Int: 32      God:    Makhleb [******]
Gold:   16709      SH: 18    Dex: 26 (27) Spells: 10/80 levels left

rFire   + + .      SeeInvis .    a - +2 Maxwell's thermic engine {flame, freeze}
rCold   + + +      Faith    +    b - +1 kite shield of Qazlal's Delight {Rampage rElec rF+ Int+3}
rNeg    + + +      Spirit   .    h - +12 chain mail of the Watchman {Str+2 Int+4}
rPois   ∞          Reflect  .    p - -2 hat of the Alchemist {rElec rPois rF+ rC+ rN+ Will+ rMut rCorr}
rElec   +          Harm     .    s - +1 cloak of Prudence {Drain Will++ Int+6}
rCorr   +          Rampage  +    B - +3 pair of gauntlets of War {Slay+5}
rMut    +                        g - +2 pair of boots {Fly}
Will    +++++                    N - amulet "Qaeh Lot" {rC+ Regen+ Slay+5 Stlth-} Stlth
                                 G - ring of Gitunug {rF+ rC+ Dex+3 Slay+2}
HPRegen 1.41/turn                I - ring of the Worm {rPois Will- Int+6 Dex+6}
MPRegen 0.34/turn

@: flying, studying 7 skills
A: cold resistance 1, negative energy resistance 3, torment resistance 2, heat
vulnerability 1, in touch with death 2, no potions, faith
0: Orb of Zot
}: 15/15 runes: decaying, slimy, silver, golden, iron, obsidian, icy, bone,
abyssal, demonic, glowing, magical, fiery, dark, gossamer
a: Renounce Religion, Minor Destruction, Lesser Servant of Makhleb, Major
Destruction, Greater Servant of Makhleb


You escaped.
You worshipped Makhleb.
Makhleb was exalted by your worship.
You visited 18 branches of the dungeon, and saw 87 of its levels.
You visited Pandemonium 2 times, and saw 18 of its levels.
You visited the Abyss 3 times.
You visited 1 bazaar.
You visited 1 ziggurat, and saw 15 of its levels.
You also visited: Trove, Bailey, Ice Cave and Wizlab.

You collected 18572 gold pieces.
You spent 1863 gold pieces at shops.

Inventory:

Hand Weapons
 a - the +2 Maxwell's thermic engine (weapon) {flame, freeze}
   (You found it in an ice cave)

   It becomes more effective when it hits something.
   This effect fades over time.
 i - the +4 staff of Dispater
   (You took it off Dispater on level 7 of the Iron City of Dis)

   Wielding it grants the ability to hurl damnation at the cost of health and
   magic, with strength depending on Evocations skill.
 z - the +7 sceptre of Asmodeus
   (You took it off Asmodeus on level 7 of Gehenna)

   Wielding it grants the ability to summon fiery demons, with success rate
   depending on Evocations skill.
   Those summoned this way will remain friendly only for a limited time.
Armour
 b - the +1 kite shield of Qazlal's Delight (worn) {Rampage rElec rF+ Int+3}
   (You took it off Donald on level 1 of the Vaults)

   Int:       It affects your intelligence (+3).
   rF:        It protects you from fire.
   rElec:     It insulates you from electricity.
   Rampage:   It bestows one free step when moving towards enemies.
 g - a +2 pair of boots of flying (worn)
 h - the +12 chain mail of the Watchman (worn) {Str+2 Int+4}
   (You took it off a deep elf master archer on level 3 of the Elven Halls)

   Str:       It affects your strength (+2).
   Int:       It affects your intelligence (+4).
 p - the -2 hat of the Alchemist (worn) {rElec rPois rF+ rC+ rN+ Will+ rMut rCorr}
   (You found it on level 3 of the Elven Halls)

   rF:        It protects you from fire.
   rC:        It protects you from cold.
   rElec:     It insulates you from electricity.
   rPois:     It protects you from poison.
   rN:        It protects you from negative energy.
   rCorr:     It protects you from acid and corrosion.
   rMut:      It protects you from mutation.
   Will:      It increases your willpower.
 s - the +1 cloak of Prudence (worn) {Drain Will++ Int+6}
   (You found it in a wizard's laboratory)

   Int:       It affects your intelligence (+6).
   Drain:     It drains your maximum health when unequipped.
   Will:      It greatly increases your willpower.
 B - the +3 pair of gauntlets of War (worn) {Slay+5}
   (You acquired it on level 3 of the Realm of Zot)

   Slay:      It affects your accuracy & damage with ranged weapons and melee
   (+5).
Jewellery
 c - the ring of Generosity {rPois rC+ AC+4}
   (You found it on level 1 of the Crypt)

   [ring of protection]

   AC:        It affects your AC (+4).
   rC:        It protects you from cold.
   rPois:     It protects you from poison.
 j - the ring "Ockuecoz" {rElec Will- rCorr Dex+6 SInv}
   (You found it on level 3 of the Dungeon)

   [ring of dexterity]

   Dex:       It affects your dexterity (+6).
   rElec:     It insulates you from electricity.
   SInv:      It lets you see invisible.
   rCorr:     It protects you from acid and corrosion.
   Will:      It decreases your willpower.
 k - the amulet of Zevvaiq {RegenMP Will+ Str+4}
   (You found it on level 3 of the Tomb of the Ancients)

   [amulet of magic regeneration]

   It increases your rate of magic regeneration.
   Str:       It affects your strength (+4).
   Will:      It increases your willpower.
 o - the ring "Zyzisibi" {rC++ rCorr AC+4}
   (You found it on level 3 of the Tomb of the Ancients)

   [ring of protection]

   AC:        It affects your AC (+4).
   rC:        It greatly protects you from cold.
   rCorr:     It protects you from acid and corrosion.
 t - the ring of Doors {rF++ SInv}
   (You found it on level 3 of the Tomb of the Ancients)

   [ring of see invisible]

   rF:        It greatly protects you from fire.
   SInv:      It lets you see invisible.
 y - the ring "Wuehiokuf" {rElec rF+ Dex+4 Stlth-}
   (You acquired it on level 1 of the Realm of Zot)

   [ring of protection from fire]

   Dex:       It affects your dexterity (+4).
   rF:        It protects you from fire.
   rElec:     It insulates you from electricity.
   Stlth:     It makes you less stealthy.
 G - the ring of Gitunug (left hand) {rF+ rC+ Dex+3 Slay+2}
   (You found it on level 14 of a ziggurat)

   [ring of protection from cold]

   Dex:       It affects your dexterity (+3).
   Slay:      It affects your accuracy & damage with ranged weapons and melee
   (+2).
   rF:        It protects you from fire.
   rC:        It protects you from cold.
 I - the ring of the Worm (right hand) {rPois Will- Int+6 Dex+6}
   (You found it on level 15 of a ziggurat)

   [ring of dexterity]

   Int:       It affects your intelligence (+6).
   Dex:       It affects your dexterity (+6).
   rPois:     It protects you from poison.
   Will:      It decreases your willpower.
 K - the ring "Acwy" {rElec Str-2 Dex+6 Slay+2}
   (You found it on level 5 of the Lair of Beasts)

   [ring of dexterity]

   Str:       It affects your strength (-2).
   Dex:       It affects your dexterity (+6).
   Slay:      It affects your accuracy & damage with ranged weapons and melee
   (+2).
   rElec:     It insulates you from electricity.
 N - the amulet "Qaeh Lot" (around neck) {rC+ Regen+ Slay+5 Stlth-}
   (You acquired it on level 5 of the Dungeon)

   [amulet of regeneration]

   Slay:      It affects your accuracy & damage with ranged weapons and melee
   (+5).
   rC:        It protects you from cold.
   Regen:     It increases your rate of health regeneration.
   Stlth:     It makes you less stealthy.
 S - a ring of the Octopus King {rN+ HP+2 AC+2 EV+2 SH+2}
   (You took it off a deep elf zephyrmancer on level 3 of the Elven Halls)

   [ring of positive energy]

   AC:        It affects your AC (+2).
   EV:        It affects your evasion (+2).
   rN:        It protects you from negative energy.
   HP:        It affects your health (+2).
   SH:        It affects your SH (+2).
 T - the ring "Juduhu" {+Blink rElec rCorr Int-2 Slay+6}
   (You took it off a deep elf blademaster on level 3 of the Elven Halls)

   [ring of resist corrosion]

   Int:       It affects your intelligence (-2).
   Slay:      It affects your accuracy & damage with ranged weapons and melee
   (+6).
   rElec:     It insulates you from electricity.
   +Blink:    It lets you blink.
   rCorr:     It protects you from acid and corrosion.
Wands
 x - a wand of quicksilver (8)
 A - a wand of digging (20)
 H - a wand of iceblast (20)
Scrolls
 d - 21 scrolls of teleportation
 e - 7 scrolls of enchant weapon
 f - 2 scrolls of enchant armour
 l - a scroll of magic mapping
 m - 7 scrolls of immolation
 q - 9 scrolls of poison
 u - 20 scrolls of fog
 C - 11 scrolls of fear
 E - a scroll of amnesia
 F - 2 scrolls of silence
 L - a scroll of torment
Miscellaneous
 n - the horn of Geryon (inert)
 r - a condenser vane
 v - a phantom mirror
 w - a tin of tremorstones (2/2)
 D - a figurine of a ziggurat
 J - a lightning rod (4/4)
 M - a box of beasts (inert)


   Skills:
 O Level 27 Fighting
 + Level 22.7 Long Blades
 - Level 3.3(4.1) Axes
 - Level 3.4(7.5) Polearms
 - Level 9.8(10.1) Staves
 + Level 24.5 Armour
 + Level 20.7 Dodging
 - Level 1.5 Stealth
 + Level 19.7 Shields
 O Level 27 Spellcasting
 - Level 3.0 Hexes
 - Level 7.0 Summonings
 + Level 21.5 Necromancy
 - Level 12.0 Translocations
 - Level 2.0 Air Magic
 - Level 3.0 Earth Magic
 - Level 19.7 Invocations
 - Level 7.4 Evocations


You had 10 spell levels left.
You knew the following spells:

 Your Spells              Type           Power      Damage    Failure   Level
a - Blink                 Tloc           100%       N/A       1%          2
b - Animate Dead          Necr           100%       N/A       0%          4
c - Manifold Assault      Tloc           88%        N/A       1%          4
d - Vampiric Draining     Necr           100%       2d13      0%          3
e - Death Channel         Necr           79%        N/A       1%          6
f - Passage of Golubria   Tloc           88%        N/A       1%          4
g - Lesser Beckoning      Tloc           100%       N/A       1%          2
h - Anguish               Hex/Necr       67%        N/A       1%          4
j - Teleport Other        Tloc           88%        N/A       1%          3
k - Apportation           Tloc           100%       N/A       1%          1
l - Dispel Undead         Necr           100%       3d31      0%          4
v - Vhi's Electric Charg  Tloc/Air       100%       N/A       1%          3
C - Borgnjor's Vile Clut  Necr/Erth      67%        N/A       1%          5
F - Summon Forest         Summ/Tloc      40%        N/A       1%          5
G - Gell's Gravitas       Tloc           88%        N/A       1%          3
H - Haunt                 Necr/Summ      70%        N/A       6%          7
I - Infestation           Necr           79%        N/A       2%          8
P - Passwall              Tmut/Erth      42%        N/A       1%          2

Your spell library contained the following spells:

 Spells                   Type           Power      Damage    Failure   Level
 Necrotise                Necr           100%       1d9       0%          1
 Kiss of Death            Conj/Necr      100%       2d13      1%          1
 Sandblast                Erth           100%       2d20      1%          1
 Shock                    Conj/Air       100%       1d9       1%          1
 Slow                     Hex            100%       N/A       1%          1
 Summon Small Mammal      Summ           100%       N/A       1%          1
 Call Imp                 Summ           73%        N/A       1%          2
 Cigotuvi's Dreadful Rot  Necr/Pois/Air  100%       N/A       1%          2
 Momentum Strike          Conj/Tloc      100%       3d10      1%          2
 Call Canine Familiar     Summ           73%        N/A       1%          3
 Kindle Blastsparks       Fire/Tloc/Air  100%       2d18      1%          3
 Summon Guardian Golem    Hex/Summ       66%        N/A       1%          3
 Iskenderun's Mystic Bla  Conj/Tloc      69%        2d14      1%          4
 Foxfire                  Conj/Fire      100%       2x1d9     2%          1
 Magic Dart               Conj           100%       1d8       2%          1
 Sting                    Tmut/Pois      100%       1d8       2%          1
 Poisonous Vapours        Pois/Air       98%        N/A       2%          2
 Static Discharge         Conj/Air       98%        2-7/arc   2%          2
 Confusing Touch          Hex            58%        N/A       2%          3
 Tukima's Dance           Hex            58%        N/A       2%          3
 Scorch                   Fire           86%        2d9       3%          2
 Searing Ray              Conj           86%        2d7       3%          2
 Swiftness                Air            54%        N/A       3%          3
 Animate Armour           Summ/Erth      100%       N/A       3%          4
 Summon Lightning Spire   Summ/Air       64%        N/A       3%          4
 Dazzling Flash           Conj/Hex       100%       N/A       4%          3
 Inner Flame              Hex/Fire       51%        N/A       4%          3
 Stone Arrow              Conj/Erth      100%       3d13      4%          3
 Simulacrum               Ice/Necr       64%        N/A       4%          6
 Mephitic Cloud           Conj/Pois/Air  47%        N/A       6%          3
 Summon Ice Beast         Ice/Summ       60%        N/A       6%          4
 Cause Fear               Hex            29%        N/A       7%          4
 Leda's Liquefaction      Hex/Erth       29%        N/A       7%          4
 Frozen Ramparts          Ice            86%        1d13      8%          3
 Hailstorm                Conj/Ice       43%        3d10      8%          3
 Ignite Poison            Fire/Tmut/Pois 43%        N/A       8%          3
 Ozocubu's Armour         Ice            43%        N/A       8%          3
 Summon Mana Viper        Hex/Summ       66%        N/A       9%          5
 Airstrike                Air            27%        2d(4-20)  11%         4
 Fulminant Prism          Conj/Hex       25%        3d14      13%         4
 Petrify                  Tmut/Erth      51%        N/A       13%         4
 Lee's Rapid Deconstruct  Erth           29%        3d15*     21%         5
 Summon Cactus Giant      Summ           36%        N/A       22%         6
 Flame Wave               Conj/Fire      43%        2d11      24%         4
 Olgreb's Toxic Radiance  Pois           43%        N/A       24%         4
 Sticky Flame             Conj/Fire      43%        2d6       24%         4
 Silence                  Hex/Air        28%        N/A       24%         5
 Metabolic Englaciation   Hex/Ice        25%        N/A       36%         5
 Yara's Violent Unravell  Hex/Tmut       25%        3d11      36%         5
 Malign Gateway           Summ/Tloc      40%        N/A       38%         7
 Arcjolt                  Conj/Air       24%        1d34      41%         5
 Lightning Bolt           Conj/Air       24%        1d40      41%         5
 Freezing Cloud           Conj/Ice/Air   23%        6-21      47%         5
 Alistair's Intoxication  Tmut/Pois      28%        N/A       56%         5
 Irradiate                Conj/Tmut      21%        3d18      56%         5
 Iskenderun's Battlesphe  Conj           43%        2d9       56%         5
 Monstrous Menagerie      Summ           36%        N/A       75%         7
 Summon Hydra             Summ           36%        N/A       75%         7
 Disjunction              Tloc           44%        N/A       75%         8
 Iron Shot                Conj/Erth      25%        9d5       90%         6
 Conjure Ball Lightning   Conj/Air       24%        3x3d7     94%         6
 Eringya's Noxious Bog    Tmut/Pois      21%        N/A       98%         6
 Starburst                Conj/Fire      21%        6d7       98%         6
 Enfeeble                 Hex            29%        N/A       99%         7
 Spellforged Servitor     Conj/Summ      30%        N/A       99%         7
 Orb of Destruction       Conj           21%        9d8       100%        7
 Ozocubu's Refrigeration  Ice            21%        4d12      100%        7
 Discord                  Hex            29%        N/A       100%        8
 Ignition                 Fire           21%        3d8       100%        8
 Lehudib's Crystal Spear  Conj/Erth      25%        10d7      100%        8
 Maxwell's Capacitive Co  Air            27%        ∞         100%        8
 Summon Horrible Things   Summ           36%        N/A       100%        8
 Dragon's Call            Summ           36%        N/A       100%        9
 Fire Storm               Conj/Fire      21%        8d6       100%        9
 Polar Vortex             Ice            21%        N/A       100%        9
 Sublimation of Blood     Necr           Unusable   N/A       N/A         2
 Beastly Appendage        Tmut           Unusable   N/A       N/A         1
 Borgnjor's Revivificati  Necr           Unusable   N/A       N/A         8
 Wereblood                Tmut           Unusable   N/A       N/A         2
 Spider Form              Tmut/Pois      Unusable   N/A       N/A         3
 Ice Form                 Ice/Tmut       Unusable   N/A       N/A         4
 Death's Door             Necr           Unusable   N/A       N/A         9
 Blade Hands              Tmut           Unusable   N/A       N/A         5
 Statue Form              Tmut/Erth      Unusable   N/A       N/A         6
 Dragon Form              Tmut           Unusable   N/A       N/A         7

Dungeon Overview and Level Annotations

Branches:
Dungeon (15/15)            Temple (1/1) D:6            Lair (5/5) D:11
  Swamp (4/4) Lair:2       Spider (4/4) Lair:3        Slime (5/5) Lair:4
    Orc (2/2) D:9             Elf (3/3) Orc:2        Vaults (5/5) D:14
  Crypt (3/3) Vaults:2       Tomb (3/3) Crypt:3      Depths (4/4) D:15
   Hell (visited)             Dis (7/7) Hell            Geh (7/7) Hell
    Coc (7/7) Hell            Tar (7/7) Hell            Zot (5/5) Depths:4
 Bailey (visited)           IceCv (visited)          WizLab (visited)

Altars:
Ashenzari
Cheibriados
Dithmenos
Fedhas
Gozag
Hepliaklqana
Kikubaaqudgha
Makhleb
Nemelex Xobeh
Okawaru
Qazlal
Ru
Sif Muna
Trog
Uskayaw
Vehumet
Wu Jian
Xom
Yredelemnul
Jiyva

Shops:
D:2 =[   D:4 *   D:9 ?   D:12 [   Orc:2 ?*([**   Elf:1 (   Elf:3 ?((
Vaults:1 *   Depths:4 [

Portals:
Hell: Depths:1 Depths:2 Depths:3 Depths:4
Abyss: Depths:1 Depths:3
Pandemonium: Depths:1 Depths:2 Depths:3


Innate Abilities, Weirdness & Mutations

You are immune to poison.
Your flesh is cold resistant. (rC+)
You are immune to negative energy. (rN+++)
You are immune to unholy pain and torment.
You are vulnerable to heat. (rF-)
You are strongly in touch with the powers of death.
You do not drink.
You have a special connection with the divine. (Faith)


Message History

You see here 7 stones.
There is a stone staircase leading up here.
You fly upwards.
There is a stone staircase leading down here.
There is a stone staircase leading up here.
You fly upwards.
There is a stone staircase leading down here.
There is a stone staircase leading up here.
You fly upwards.
There is a stone staircase leading down here.
A chaos spawn comes into view.
You slash the chaos spawn! You burn the chaos spawn.
You freeze the chaos spawn.
The chaos spawn is severely wounded.
You slice the chaos spawn!! You burn the chaos spawn.
You kill the chaos spawn!
Makhleb accepts your kill.
The chaos spawn degenerates into a cloud of primal chaos!
(D) Dungeon (T) Temple (L) Lair (S) Swamp (N) Spider Nest (M) Slime Pits (O) Orcish Mines (E) Elven Halls (V) Vaults (C) Crypt (W) Tomb (U) Depths (H) Hell (I) Dis (G) Gehenna (X) Cocytus (Y) Tartarus (Z) Zot
Where to? (Enter - D:1, ? - help)
There is a stone staircase leading up here.
You fly upwards.
There is a stone staircase leading down here.
There is an escape hatch in the ceiling here.
A mysterious force pulls you upwards. The hatch slams shut behind you.
There is a stone staircase leading up here.
You fly upwards.
There is a stone staircase leading down here.
You reach down and open the door.
There is an open door here.
You see here 8 stones.
There is an open door here.
There is an open door here.
There is a staircase leading out of the dungeon here.
Unknown command.
You have escaped!

##..#####§§§≈≈§§#####..## ##.###
#≈≈§.§...≈≈≈# ###.## #.##
#...........# ##.# #.#
######(###### #.## ##.#####
####8'8#### ######.#
#.##...###.........###..≈##.#
#.#....##...........##..≈≈#.#
###.#....#............##...≈#.###
)...'...........@.....8'.(.≈'....
..#.#....#............'#.(.≈#.##.
..#.#....##...........##..≈≈#.###
###.##...###.........###.!≈##.#
####.##### ###8'8#8### #####.##
.# #.# ######'###### #.# .# #.##
#..§§.......# ##.# .####.###
#≈§≈§...§≈≈≈# ###.##
..####..#####§§≈≈≈≈≈#####..## ###


There were no monsters in sight!

Vanquished Creatures
  Cerebov (Pan)
  Asmodeus (Geh:7)
  the Royal Jelly (Slime:5)
  Ereshkigal (Tar:7)
  Gloorx Vloq (Pan)
  Lom Lobon (Pan)
  Mnoleg (Pan)
  7 dread liches
  Dispater (Dis:7)
  5 ancient liches
  Khufu (Crypt:2)
  Mara (Depths:1)
  6 orbs of fire
  7 juggernauts
  Mennas (Crypt:3)
  24 royal mummies
  15 shard shrikes
  5 Killer Klowns
  The ghost of Zivuv the Executioner, a veteran FoFi of Dithmenos (Crypt:1)
  3 curse toes
  19 caustic shrikes
  A caustic shrike (shapeshifter) (Zig:3)
  4 pandemonium lords (Pan)
  Geryon (Hell)
  7 profane servitors
  Arachne (Spider:2)
  8 golden dragons
  19 bone dragons
  28 Tzitzimimeh
  2 electric golems (Zot:5)
  11 iron giants
  7 Brimstone Fiends
  11 doom hounds
  16 Orb Guardians
  A spectral shard shrike (Tar:2)
  13 tentacled monstrosities
  Mlioglotl (Spider:1)
  17 Hell Sentinels
  The ghost of TheSexyCheese the Warrior, an adept MiFi of Gozag (Swamp:3)
  Grunn (Crypt:1)
  25 hellephants
  Zenata (Vaults:1)
  13 tainted leviathans (Tar:7)
  3 deep elf master archers (Elf:3)
  5 liches
  26 Ice Fiends
  A walking earthen tome (Depths:2)
  6 quicksilver dragons
  21 searing wretches
  Asterion (Depths:1)
  5 deep elf blademasters
  11 titans
  A walking divine tome (Depths:3)
  5 death cobs
  29 acid blobs
  28 ancient champions
  Frances (Elf:1)
  10 sphinxes
  7 tentacled starspawn
  Kirke (Spider:1)
  5 tengu reavers
  An eldritch tentacle (WizLab)
  19 Executioners (Pan)
  9 shadow dragons
  Agnes (Spider:1)
  The ghost of jejorda2 the Impaler, an adept MfBe of Trog (Swamp:1)
  5 draconian monks
  9 storm dragons
  20 azure jellies
  A nagaraja (Zig:13)
  A fenstrider witch (shapeshifter) (Zig:4)
  Donald (Vaults:1)
  14 frost giants
  2 thorn hunters
  18 rockslimes
  3 revenants
  18 narguns
  An emperor scorpion (Spider:2)
  8 demonspawn warmongers (Pan)
  6 draconian knights
  18 fire giants
  12 quicksilver elementals
  7 iron dragons
  7 ghost moths
  Louise (Elf:1)
  7 deep elf sorcerers
  2 draconian shifters
  35 balrugs
  A spectral caustic shrike (Tar:7)
  An angel (Depths:1)
  15 reapers
  3 deep elf elementalists
  8 ghouls
  3 curse skulls
  12 draconian scorchers
  38 cacodemons
  7 shard shrike simulacra
  13 demonspawn corrupters (Pan)
  10 draconian stormcallers
  An orc warlord (Orc:2)
  4 broodmothers
  11 vault wardens
  24 war gargoyles
  15 quicksilver oozes
  6 ironbound preservers
  4 ironbound thunderhulks
  10 demonspawn blood saints (Pan)
  11 stone giants
  7 draconian annihilators
  2 spriggan defenders (Depths:3)
  29 very ugly things
  A deep elf demonologist (Zig:11)
  11 lorocyprocas
  3 demonspawn black suns (Pan)
  4 starflowers (Abyss:3)
  16 elemental wellsprings
  9 vampire knights
  27 putrid mouths
  7 eleionomae
  Azrael (Spider:3)
  13 red draconians
  6 deep elf annihilators
  13 green draconians
  A spectral titan (Tar:1)
  4 bunyips
  8 spark wasps
  7 yellow draconians
  12 purple draconians
  5 black draconians
  16 white draconians
  13 wendigos
  10 bennus
  4 dire elephants (Vaults:2)
  6 eidola
  9 blizzard demons
  10 deep elf death magi
  A spectral quicksilver dragon (Tar:1)
  2 spectral spriggans (Tar:1)
  15 ettins
  23 mummy priests
  12 yaktaur captains
  13 iron golems
  10 green deaths
  Fannar (Lair:1)
  2 crystal guardians
  A spectral fenstrider witch (Crypt:1)
  26 vault guards
  9 fire dragons
  A hydra (shapeshifter) (Depths:3)
  Josephine (Lair:4)
  20 great orbs of eyes
  7 deep elf high priests
  4 entropy weavers
  13 ice dragons
  9 jiangshi
  Harold (D:10)
  6 ghost crabs
  4 spriggan zombies
  17 hydras
  10 caustic shrike simulacra
  A quicksilver dragon skeleton (Hell)
  6 rakshasas
  2 peacekeepers
  4 salamander tyrants
  4 jorogumos
  4 ogre magi (Vaults:5)
  7 hell beasts
  8 spriggan air magi
  A bennu zombie (Tomb:3)
  7 alligators
  6 ironbound frosthearts
  7 stokers
  2 radroaches (Spider:4)
  A catoblepas (Lair:5)
  An anaconda (Zig:13)
  4 death knights
  6 juggernaut simulacra
  2 spriggan skeletons
  4 centaur warriors
  28 dancing weapons
  6 boulder beetles
  An anaconda (shapeshifter) (Depths:4)
  Erica (D:8)
  31 hell hogs
  2 orc high priests
  A deep troll shaman (Lair:5)
  8 tengu warriors
  50 death scarabs
  13 death yaks
  8 two-headed ogres
  An Orb Guardian skeleton (Crypt:2)
  10 vampire magi
  4 deep troll earth magi
  5 spriggan berserkers
  A spectral orc (Tar:1)
  40 soul eaters
  Urug (D:14)
  A spectral storm dragon (Tar:1)
  9 hell knights
  5 thrashing horrors
  2 spectral dire elephants
  2 wretched stars
  7 crystal echidnas
  3 naga sharpshooters
  20 deep elf knights
  70 sun demons
  14 spriggans
  A spectral bunyip (Tar:1)
  8 iron trolls
  26 shadow wraiths
  5 goliath frogs
  3 titan skeletons
  9 pharaoh ants
  31 sixfirhies
  6 flayed ghosts
  43 skeletal warriors
  An elf simulacrum (Crypt:1)
  A swamp dragon (shapeshifter) (Vaults:5)
  5 spriggan druids
  2 quicksilver dragon simulacra
  5 swamp dragons
  8 orb spiders
  2 death drakes (Swamp:3)
  14 bog bodies
  8 glowing orange brains
  11 shadow demons
  A spectral hydra (Crypt:1)
  22 deep trolls
  A golden dragon skeleton (Crypt:1)
  13 deep elf archers
  16 wizards
  12 ironbound convokers
  A bunyip skeleton (Pan)
  An obsidian statue (WizLab)
  6 spriggan simulacra
  A mana viper (shapeshifter) (Depths:2)
  8 steelbarb worms
  14 orc knights
  3 necromancers
  7 phantasmal warriors
  38 deep elf zephyrmancers
  A wolf spider zombie (Crypt:2)
  2 mana vipers
  3 oklob plants (Lair:4)
  5 lindwurms
  30 wolf spiders
  2 anaconda skeletons
  33 deep elf pyromancers
  4 harpies (Vaults:5)
  2 spectral ettins
  A salamander (shapeshifter) (D:13)
  5 death scarab zombies (Tomb:3)
  34 ugly things
  4 manticores
  4 will-o-the-wisps
  A tengu skeleton (Pan)
  8 cyclopes
  19 elephants
  15 shining eyes
  A spectral alligator snapping turtle (Tar:1)
  3 orc sorcerers
  5 draconians (Abyss:3)
  21 moths of wrath
  3 worldbinders
  6 black mambas
  9 vault sentinels
  A spectral centaur (Crypt:1)
  A stone giant skeleton (Tomb:2)
  A water nymph (shapeshifter) (Vaults:5)
  5 ice statues
  7 rust devils
  An iron dragon skeleton (Pan)
  8 eyes of devastation
  A human skeleton (Pan)
  3 naga magi
  21 demonic crawlers
  42 orange demons
  45 smoke demons
  Maggie (D:10)
  7 titan simulacra
  14 cane toads
  2 gargoyles
  6 torpor snails
  A torpor snail (shapeshifter) (Vaults:5)
  2 centaur skeletons
  27 hellions
  7 komodo dragons
  A demonspawn skeleton (WizLab)
  12 unseen horrors
  A dire elephant skeleton (Abyss:3)
  4 rime drakes
  6 naga skeletons
  10 efreet
  2 ancient zymes (Abyss:3)
  4 iron giant simulacra
  3 sea snake zombies
  3 tengu conjurers
  26 yaktaurs
  7 anaconda simulacra
  An alligator snapping turtle skeleton (Crypt:3)
  2 golden dragon simulacra
  2 hydra zombies (Hell)
  A black draconian skeleton (Crypt:3)
  An unseen horror skeleton (Crypt:1)
  11 freezing wraiths
  27 hellwings
  6 red devils
  46 guardian mummies
  2 harpy zombies
  3 spectral harpies
  31 tormentors
  10 ice devils
  8 trolls
  2 spectral nagas
  A meliai (shapeshifter) (D:12)
  An iron troll skeleton (Crypt:2)
  3 meliai (Spider:3)
  A white draconian skeleton (Crypt:2)
  18 hornets
  8 polar bears
  39 tarantellas
  3 bloated husks
  A sea snake skeleton (Hell)
  A moth of wrath zombie (Crypt:3)
  3 harpy skeletons
  A hydra skeleton (Crypt:1)
  13 tyrant leeches
  8 saltlings (Orc:2)
  A spectral swamp dragon (Tar:1)
  31 blink frogs
  A satyr zombie (Crypt:3)
  7 dream sheep
  8 raiju
  3 iron dragon simulacra
  A dream sheep (shapeshifter) (Vaults:5)
  2 stone giant simulacra
  A death drake skeleton (Crypt:1)
  A jumping spider (shapeshifter) (Vaults:5)
  33 jumping spiders
  19 culicivoras
  5 dire elephant simulacra
  17 flying skulls
  11 water elementals
  5 vampires
  29 ynoxinuls
  5 wyverns
  48 yaks
  2 air elementals (Elf:1)
  14 ushabtiu
  A naga simulacrum (Coc:4)
  A fire bat (shapeshifter) (Vaults:5)
  111 slime creatures
  3 golden eyes
  7 wraiths
  21 vampire mosquitoes
  3 hogs (Spider:1)
  6 basilisks
  15 humans (D:14)
  42 neqoxecs
  An alligator snapping turtle simulacrum (Coc:1)
  A steam dragon (D:10)
  36 chaos spawn
  17 starcursed masses
  A death yak simulacrum (IceCv)
  7 fire elementals
  65 redbacks
  A redback simulacrum (D:15)
  A demonspawn zombie (Crypt:1)
  4 wargs
  5 swamp worm simulacra (Swamp:4)
  3 spatial vortices (WizLab)
  49 large abominations
  17 harpy simulacra
  A water nymph zombie (Crypt:2)
  17 swamp worms
  A fire bat skeleton (Crypt:1)
  2 acid dragons
  15 hell hounds
  19 hydra simulacra
  15 water moccasins
  A black bear (shapeshifter) (Vaults:5)
  A glowing shapeshifter skeleton (Crypt:3)
  3 ice beasts (D:8)
  2 floating eyes
  3 swamp drakes
  A hornet zombie (D:15)
  A manticore zombie (Crypt:3)
  32 orc warriors
  7 ettin simulacra
  A fire dragon simulacrum (Coc:1)
  A black bear (D:4)
  7 sky beasts
  9 ogres
  5 boggarts
  14 wolves
  A lindwurm skeleton (Crypt:3)
  A hog skeleton (Crypt:2)
  A phantom (D:5)
  15 bullfrogs
  9 kobold brigands
  2 gnoll sergeants
  A yaktaur skeleton (Crypt:1)
  A scorpion (shapeshifter) (Vaults:5)
  3 earth elementals
  3 cane toad simulacra (IceCv)
  2 scorpions
  6 small abominations
  A warg skeleton (Crypt:2)
  A swamp dragon simulacrum (Coc:1)
  A nameless horror (D:15)
  A raiju skeleton (WizLab)
  A wolf zombie (Crypt:3)
  8 electric eels
  5 howler monkeys
  5 crimson imps (Pan)
  3 iron imps (Abyss:3)
  4 jellies
  10 orc priests
  2 gnoll boudas
  3 hounds
  2 iguanas (D:5)
  22 orc wizards
  4 hell rats (Hell)
  A polar bear simulacrum (IceCv)
  5 centaur simulacra
  27 mummies
  A killer bee simulacrum (D:8)
  27 gnolls
  7 adders
  A river rat (shapeshifter) (Depths:4)
  3 shadow imps
  5 white imps
  3 ufetubi
  3 swamp drake simulacra (Swamp:4)
  A worm zombie (Crypt:1)
  5 dart slugs
  94 orcs
  7 bats
  3 endoplasms (D:1)
  A giant cockroach (D:1)
  10 goblins
  5 hobgoblins
  2 jackals (D:2)
  2 quokkas
  4 ball pythons
  4 frilled lizards
  A goblin skeleton (Crypt:2)
  14 kobolds
  A kobold zombie (Crypt:1)
  6 rats
  A ball lightning (Pan)
  A briar patch (Swamp:3)
  7 creeping infernos
  31 fire vortices
  A lurking horror (Abyss:3)
  20 pillars of salt (Orc:2)
  3 starspawn tentacles
4100 creatures vanquished.

Vanquished Creatures (collateral kills)
  Antaeus (Coc:7)
  the Serpent of Hell (Geh:7)
  Ignacio (Pan)
  2 orbs of fire (Zot:5)
  3 pandemonium lords (Pan)
  3 ancient liches
  A juggernaut (Zig:6)
  7 royal mummies
  11 shard shrikes
  2 Killer Klowns
  3 golden dragons
  11 caustic shrikes
  5 bone dragons
  3 Tzitzimimeh
  3 Brimstone Fiends
  5 iron giants (Dis:7)
  2 electric golems (Zot:3)
  4 tentacled monstrosities
  A lich (Zig:12)
  11 Orb Guardians (Zot:5)
  5 hellephants
  15 Hell Sentinels
  2 quicksilver dragons
  3 Ice Fiends
  2 searing wretches
  8 titans
  An acid blob (Zig:9)
  6 sphinxes
  9 ancient champions
  An Executioner (Zig:12)
  2 shadow dragons (Vaults:5)
  A draconian monk (Zot:5)
  A storm dragon (Depths:2)
  3 azure jellies
  4 nagarajas (Zig:13)
  3 narguns
  A frost giant (Coc:1)
  2 vault wardens (Vaults:5)
  5 fire giants
  3 iron dragons
  5 quicksilver elementals
  2 draconian knights
  7 balrugs
  A ghost moth (Zot:5)
  A caustic shrike zombie (Tomb:1)
  A draconian scorcher (Zot:5)
  4 cacodemons (Pan)
  A spectral juggernaut (Tar:2)
  An angel (Abyss:3)
  A draconian shifter (Zig:10)
  2 draconian stormcallers
  3 reapers (Pan)
  2 demonspawn corrupters
  6 war gargoyles
  4 very ugly things
  A demonspawn blood saint (Pan)
  A stone giant (Depths:2)
  7 elemental wellsprings
  2 demonspawn black suns (Pan)
  A vampire knight (Crypt:3)
  A black draconian (Zig:10)
  2 dire elephants (Zig:14)
  A deep elf annihilator (Vaults:5)
  A putrid mouth (Tar:7)
  A white draconian (Zig:8)
  2 lorocyprocas (Pan)
  A red draconian (Zot:1)
  4 yellow draconians
  4 green draconians
  A purple draconian (Zig:8)
  9 wendigos
  An eidolon (Zig:12)
  7 iron golems
  An ettin (Zig:6)
  A green death (Pan)
  A deep elf high priest (Zig:11)
  7 mummy priests
  A hydra (Lair:4)
  2 salamander tyrants (Zig:13)
  2 caustic shrike simulacra (Coc:7)
  4 vault guards (Vaults:5)
  2 juggernaut simulacra
  2 stokers
  A bennu zombie (Tomb:3)
  3 two-headed ogres
  3 dancing weapons
  18 death scarabs
  2 naga warriors (Zig:13)
  5 hell hogs
  A shock serpent (shapeshifter) (Zig:4)
  An orc high priest (Zig:11)
  3 shock serpents (Zig:13)
  10 sun demons (Pan)
  6 crystal echidnas
  3 soul eaters
  A hell knight (Vaults:5)
  2 skeletal warriors
  An iron troll (Zig:6)
  4 sixfirhies (Pan)
  A wretched star (Zig:12)
  A shadow demon (Pan)
  An orb spider (Spider:3)
  2 wizards (Pan)
  2 necromancers (Hell)
  2 ironbound convokers (Vaults:5)
  A steelbarb worm (Zig:2)
  2 deep elf pyromancers (Zig:11)
  2 phantasmal warriors (Vaults:5)
  An orc sorcerer (Zig:7)
  A deep elf zephyrmancer (Elf:2)
  A harpy (Vaults:5)
  A stone giant zombie (Tomb:1)
  A moth of wrath (Zig:7)
  3 ugly things
  2 wolf spiders (Spider:1)
  An elephant (Zig:14)
  A rust devil (Pan)
  2 apocalypse crabs (Zig:12)
  An ice statue (Coc:7)
  A demonic crawler (Pan)
  3 orange demons (Pan)
  2 black mambas (Zig:13)
  A guardian serpent (Zig:13)
  4 naga magi (Zig:13)
  2 titan simulacra
  2 smoke demons (Pan)
  A green draconian zombie (Zot:1)
  A dire elephant skeleton (Tomb:1)
  A komodo dragon (Zig:14)
  3 hellions
  2 efreet (Pan)
  2 freezing wraiths
  An iron giant simulacrum (Coc:6)
  4 tormentors
  2 anaconda simulacra
  11 guardian mummies
  A hydra skeleton (Hell)
  2 red devils (Pan)
  2 trolls (Zig:7)
  A tyrant leech (Swamp:1)
  A hellwing (Pan)
  A large abomination (Zig:12)
  A raiju (Zig:12)
  A culicivora (Spider:1)
  A slime creature (Zig:9)
  20 flying skulls
  A wraith (D:10)
  A slime creature (shapeshifter) (Zig:11)
  4 ynoxinuls
  2 ushabtiu (Tomb:1)
  2 chaos spawn (Pan)
  4 neqoxecs
  2 redbacks
  4 nagas (Zig:13)
  2 harpy simulacra (Coc:7)
  A hell hound (Spider:3)
  3 orc warriors
  An ice beast (D:8)
  An ettin simulacrum (Coc:4)
  4 starcursed masses (Zig:12)
  3 ogres
  A kobold brigand (Abyss:3)
  2 bullfrogs (Lair:1)
  An orc priest (Vaults:5)
  A gnoll bouda (D:10)
  22 mummies
  A gnoll (D:10)
  A white imp (D:8)
  4 fire vortices
503 creatures vanquished.

Vanquished Creatures (others)
  A pandemonium lord (Pan)
  7 shard shrike zombies (Coc:7)
  A tentacled monstrosity (Zot:1)
  An Orb Guardian (Zot:5)
  2 eldritch tentacles (Pan)
  A shard shrike simulacrum (Coc:2)
  2 fire giants
  11 caustic shrike zombies
  A draconian scorcher (Zot:4)
  A balrug (Pan)
  A demonspawn blood saint (Pan)
  A Killer Klown zombie (Zot:5)
  A doom hound zombie (Tar:2)
  A green draconian (Zot:5)
  An elemental wellspring (Coc:7)
  A very ugly thing zombie (Pan)
  A hydra (Swamp:4)
  2 caustic shrike simulacra
  13 Orb Guardian zombies (Zot:5)
  An alligator (Swamp:2)
  2 titan zombies (Coc:7)
  4 hellephant zombies (Geh:7)
  2 storm dragon zombies
  A goliath frog (Swamp:2)
  4 iron giant zombies (Dis:7)
  3 shadow dragon zombies
  3 ugly thing zombies
  A ghost moth zombie (Zot:5)
  2 wizards
  3 spriggan simulacra
  A sphinx zombie (Vaults:5)
  13 hell hog zombies
  7 draconian zombies
  3 fire giant zombies
  6 death scarab zombies
  An elf zombie (Vaults:5)
  12 demonspawn zombies (Pan)
  2 smoke demons (Pan)
  A titan simulacrum (Coc:7)
  A salamander zombie (Geh:1)
  A black draconian zombie (Zot:2)
  4 yellow draconian zombies
  3 white draconian zombies
  A purple draconian zombie (Zot:2)
  3 yaktaur zombies (Vaults:5)
  5 green draconian zombies
  A tormentor (Geh:5)
  An iron giant simulacrum (Coc:6)
  An anaconda simulacrum (Coc:1)
  A tyrant leech (Swamp:2)
  2 bloated husks (Swamp:2)
  3 moth of wrath zombies
  3 ettin zombies (Vaults:5)
  A black mamba zombie (Zig:13)
  2 dire elephant simulacra
  A ynoxinul (Pan)
  A naga simulacrum (Coc:7)
  A human (Spider:1)
  A chaos spawn (Pan)
  A harpy simulacrum (Coc:3)
  A swamp worm (Swamp:4)
  2 ogre zombies
  A hydra simulacrum (Coc:7)
  A small abomination (Depths:3)
  15 human zombies
  A wyvern zombie (Lair:1)
  A water moccasin zombie (Lair:4)
  A naga zombie (Zig:13)
  3 hell rats (Hell)
  3 orc zombies (Vaults:5)
  21 ball lightnings (Pan)
  2 briar patches (Swamp:3)
  A bush (Lair:3)
  2 creeping infernos (Hell)
  4 demonic plants (Pan)
  13 fire vortices
  7 foxfires
  35 fungi
  52 plants
  A snaplasher vine (Tomb:3)
  21 starspawn tentacles
  5 withered plants (Depths:4)
353 creatures vanquished.

Grand Total: 4956 creatures vanquished

Notes
Turn   | Place    | Note
-------+----------+-------------------------------------------
     0 | D:1      | Khashishi the Mummy Monk began the quest for the Orb.
     0 | D:1      | Reached XP level 1. HP: 18/18 MP: 1/1
   299 | D:1      | Reached XP level 2. HP: 21/24 MP: 2/2
   818 | D:1      | Gained mutation: You are in touch with the powers of death.
                  | [Mummy growth]
   818 | D:1      | Reached XP level 3. HP: 29/29 MP: 3/3
  1214 | D:2      | Found Oniqioc's Jewellery Boutique.
  1285 | D:2      | Found a shimmering altar of Xom.
  1393 | D:2      | Found Ricoc's Armour Emporium.
  1677 | D:3      | Found a faded altar of an unknown god.
  1833 | D:3      | Identified the ring "Ockuecoz" {rElec Will- rCorr Dex+6
                  | SInv}
  2113 | D:3      | Reached XP level 4. HP: 35/37 MP: 4/4
  2380 | D:4      | Noticed a kobold brigand
  2392 | D:4      | Killed a kobold brigand
  2393 | D:4      | Reached skill level 5 in Fighting
  2393 | D:4      | Reached XP level 5. HP: 30/44 MP: 5/5
  2493 | D:4      | Found Ellaur's CLEARANCE SALE!.
  2502 | D:4      | Bought a scroll of acquirement for 156 gold pieces
  2502 | D:4      | Bought a scroll of teleportation for 9 gold pieces
  2577 | D:4      | Reached skill level 1 in Armour
  2857 | D:4      | HP: 1/44 [gnoll/+0 whip[a gnoll bouda] (5)]
  3214 | D:4      | Noticed a black bear
  3265 | D:5      | Entered Level 5 of the Dungeon
  3266 | D:5      | Acquired the amulet "Qaeh Lot" {rC+ Regen+ Slay+5 Stlth-}
  3477 | D:4      | Noticed an acid dragon
  3486 | D:4      | Killed an acid dragon
  3487 | D:4      | Reached XP level 6. HP: 50/52 MP: 6/6
  3742 | D:5      | Reached XP level 7. HP: 59/59 MP: 7/7
  3769 | D:5      | Found a radiant altar of Vehumet.
  3963 | D:5      | Found a burning altar of Makhleb.
  3968 | D:5      | Became a worshipper of Makhleb the Destroyer
  3968 | D:5      | Reached * piety under Makhleb
  3968 | D:5      | Reached ** piety under Makhleb
  4213 | D:5      | Reached skill level 1 in Invocations
  4265 | D:5      | Reached skill level 1 in Polearms
  4566 | D:6      | Found a shadowy altar of Dithmenos.
  4638 | D:6      | Reached XP level 8. HP: 67/67 MP: 9/9
  4900 | D:6      | Found a staircase to the Ecumenical Temple.
  4916 | Temple   | Entered the Ecumenical Temple
  5817 | D:7      | Reached XP level 9. HP: 74/74 MP: 11/11
  5867 | D:7      | Identified the +5 quarterstaff "Esatru" {chaos, +Blink
                  | Int+2}
  6060 | D:7      | Found a hazy altar of Hepliaklqana.
  6216 | D:8      | Noticed Erica
  6223 | D:8      | Noticed a polar bear
  6282 | D:8      | Reached skill level 5 in Armour
  6381 | D:8      | Killed a polar bear
  6389 | D:8      | Reached *** piety under Makhleb
  6390 | D:8      | Reached skill level 1 in Staves
  6390 | D:8      | Reached skill level 1 in Evocations
  6458 | D:8      | Noticed a two-headed ogre
  6462 | D:8      | Killed a two-headed ogre
  6651 | D:8      | Reached skill level 5 in Invocations
  7229 | D:9      | Reached XP level 10. HP: 66/82 MP: 13/13
  7298 | D:9      | Found Nycok's Magic Scroll Shop.
  7720 | D:9      | Found a staircase to the Orcish Mines.
  7936 | D:10     | Entered Level 10 of the Dungeon
  7960 | D:10     | Found a flagged portal.
  7969 | Bailey   | Entered a bailey
  7990 | Bailey   | Reached **** piety under Makhleb
  8532 | D:10     | Found a shimmering altar of Xom.
  8567 | D:10     | Noticed Maggie
  8584 | D:10     | Killed Maggie
  8636 | D:10     | Found a stormy altar of Qazlal.
  8636 | D:10     | Found a bloodstained altar of Trog.
  8645 | D:10     | Found a snail-covered altar of Cheibriados.
  8647 | D:10     | Found a faded altar of an unknown god.
  8648 | D:10     | Found a faded altar of an unknown god.
  8682 | D:10     | Noticed a two-headed ogre
  8687 | D:10     | Killed a two-headed ogre
  8699 | D:10     | Noticed a two-headed ogre
  8706 | D:10     | Killed a two-headed ogre
  8707 | D:10     | Reached XP level 11. HP: 55/90 MP: 15/15
  8822 | D:10     | Noticed Harold
  8841 | D:10     | Killed Harold
  8915 | D:10     | Noticed a two-headed ogre
  8925 | D:10     | Killed a two-headed ogre
  8926 | D:10     | Reached skill level 10 in Fighting
  9125 | D:11     | Reached skill level 5 in Staves
  9125 | D:11     | Reached ***** piety under Makhleb
  9175 | D:11     | Found a staircase to the Lair.
  9261 | D:11     | Noticed a purple ugly thing
  9274 | D:11     | Killed a purple ugly thing
  9759 | D:8      | Killed Erica
  9896 | D:11     | Upgraded the game from 0.30-a0-728-gc68057be0a to
                  | 0.30-a0-737-gf23d94013f
  9897 | Lair:1   | Entered Level 1 of the Lair of Beasts
 10165 | Lair:1   | Reached XP level 12. HP: 95/100 MP: 16/18
 10188 | Lair:1   | Noticed a six-headed hydra
 10194 | Lair:1   | Killed a six-headed hydra
 10202 | Lair:1   | Noticed Fannar
 10213 | Lair:1   | Killed Fannar
 10219 | Lair:1   | Identified the ring "Joukh" {rC+ Int+6}
 10297 | Lair:1   | Noticed a death yak
 10305 | Lair:1   | Killed a death yak
 10878 | Lair:2   | Noticed an eight-headed hydra
 10886 | Lair:2   | Killed an eight-headed hydra
 11127 | Lair:2   | Found a staircase to the Swamp.
 11545 | Lair:3   | Found a blossoming altar of Fedhas.
 11614 | Lair:3   | Noticed a six-headed hydra
 11664 | Lair:3   | Killed a six-headed hydra
 11742 | Lair:3   | Found a hole to the Spider Nest.
 11825 | Lair:3   | Gained mutation: You are strongly in touch with the powers
                  | of death. [Mummy growth]
 11825 | Lair:3   | Reached XP level 13. HP: 100/108 MP: 20/20
 12119 | Lair:3   | Reached skill level 10 in Invocations
 12713 | Lair:4   | Reached skill level 10 in Armour
 13187 | Lair:4   | Identified the +5 spear "Kibbim" {venom, rC+ Int+5}
 13512 | Lair:4   | Found a staircase to the Slime Pits.
 13679 | Lair:5   | Entered Level 5 of the Lair of Beasts
 13679 | Lair:5   | Noticed Josephine
 13686 | Lair:4   | Killed Josephine
 13792 | Lair:4   | Reached XP level 14. HP: 114/118 MP: 22/22
 13899 | Lair:5   | Reached ****** piety under Makhleb
 14575 | Lair:5   | Identified the ring "Acwy" {rElec Str-2 Dex+6 Slay+2}
 14583 | Lair:5   | Identified the +5 dagger of Mempozai {antimagic, rF- Will-
                  | Str+2 Int+9}
 14584 | Lair:5   | Identified the +5 rapier of Kigekli {heavy, *Slow rElec
                  | Int+6 Stlth+}
 15040 | D:12     | Found Ovoniven's Armour Shop.
 15078 | D:12     | Found a frozen archway.
 15097 | IceCv    | Entered an ice cave
 15229 | IceCv    | Found the +2 Maxwell's thermic engine {flame, freeze}
 15401 | D:12     | Reached skill level 1 in Long Blades
 15812 | D:12     | Got the Precepts of Diablerie and Changes
 16206 | D:13     | Reached skill level 5 in Long Blades
 16603 | D:13     | Identified the +4 battleaxe "Onaex" {drain, rCorr Str+3
                  | Int-3 Dex+2}
 16871 | D:14     | Noticed Urug
 16871 | D:14     | Found a gate to the Vaults.
 16957 | D:14     | Reached XP level 15. HP: 83/125 MP: 23/23
 16967 | D:14     | Killed Urug
 17469 | D:14     | Found a sacrificial altar of Ru.
 17494 | D:14     | Found a portal to a secret trove of treasure.
 17561 | D:15     | Entered Level 15 of the Dungeon
 17593 | D:15     | Found a broken altar of Ashenzari.
 17837 | D:15     | Found a staircase to the Depths.
 18279 | Orc:1    | Entered Level 1 of the Orcish Mines
 18869 | Orc:2    | Entered Level 2 of the Orcish Mines
 18893 | Orc:2    | Found a staircase to the Elven Halls.
 19025 | Orc:2    | Found Itew's Specific Store.
 19031 | Orc:2    | Found Yhyufina's General Store.
 19036 | Orc:2    | Bought a scroll of teleportation for 33 gold pieces
 19036 | Orc:2    | Bought a scroll of acquirement for 572 gold pieces
 19036 | Orc:2    | Acquired the +3 Mad Mage's Maulers {Infuse+∞ VampMP -Cast}
 19036 | Orc:2    | Found the +3 Mad Mage's Maulers {Infuse+∞ VampMP -Cast}
 19199 | Orc:2    | Reached skill level 10 in Long Blades
 19431 | Orc:2    | Found Ykkasuz's Assorted Antiques.
 19433 | Orc:2    | Found Huwel's Magic Scroll Boutique.
 19438 | Orc:2    | Bought a scroll of enchant armour for 127 gold pieces
 19456 | Orc:2    | Found Tainilot's Weapon Shop.
 19492 | Orc:2    | Found Adaf's Armour Shoppe.
 19498 | Orc:2    | Bought a +1 pair of boots of flying for 280 gold pieces
 19509 | Orc:2    | Bought a +2 cloak of poison resistance for 314 gold pieces
 20020 | Spider:1 | Entered Level 1 of the Spider Nest
 20087 | Spider:1 | Reached skill level 1 in Shields
 20270 | Spider:1 | Noticed Agnes
 20277 | Spider:1 | Killed Agnes
 20315 | Spider:1 | Noticed Kirke
 20321 | Spider:1 | Killed Kirke
 20322 | Spider:1 | Reached XP level 16. HP: 133/133 MP: 1/24
 20323 | Spider:1 | Noticed Mlioglotl
 20336 | Spider:1 | Killed Mlioglotl
 21112 | Spider:2 | Noticed Arachne
 21117 | Spider:2 | Killed Arachne
 21256 | Spider:2 | Acquired 921 gold pieces
 21780 | Spider:3 | Noticed Azrael
 21828 | Spider:3 | Reached skill level 5 in Shields
 21831 | Spider:3 | Identified the +1 spear "Yweulut" {flame, rF+ rN+ Str+4
                  | Int+4 Dex-4}
 21915 | Spider:3 | Identified the +5 sling of Infinite Pain {drain, +Blink rF+
                  | Stlth+}
 21935 | Spider:3 | Reached skill level 15 in Fighting
 21985 | Spider:3 | Killed Azrael
 22163 | Spider:3 | Reached XP level 17. HP: 134/142 MP: 3/26
 22655 | Spider:4 | Entered Level 4 of the Spider Nest
 23822 | Spider:4 | Got a gossamer rune of Zot
 24079 | Swamp:1  | Entered Level 1 of the Swamp
 24376 | Swamp:1  | Noticed a tentacled monstrosity
 24378 | Swamp:1  | Found a transporter.
 24378 | Swamp:1  | Noticed jejorda2's ghost (adept MfBe)
 24384 | Swamp:1  | Got the Elucidation of the Commander and the Torch
 24408 | Swamp:1  | Found a transporter.
 24431 | Swamp:1  | Identified the +0 mace of Generosity {flame, rElec rF+++
                  | rN+ Dex-5}
 24978 | Swamp:2  | Reached XP level 18. HP: 143/151 MP: 3/28
 25377 | Swamp:3  | Found a transporter.
 25384 | Swamp:3  | Noticed TheSexyCheese's ghost (adept MiFi)
 25927 | Swamp:3  | Found a transporter.
 26004 | Swamp:4  | Entered Level 4 of the Swamp
 26860 | Swamp:4  | Got a decaying rune of Zot
 27089 | Swamp:1  | Killed a tentacled monstrosity
 27104 | Swamp:1  | Killed jejorda2's ghost
 27236 | Swamp:3  | Killed TheSexyCheese's ghost
 27243 | Swamp:3  | Identified the +2 helmet of Subjectivity {rElec rN+ Dex+3}
 27432 | Vaults:1 | Entered Level 1 of the Vaults
 27528 | Vaults:1 | Found a magical portal.
 27533 | WizLab   | Entered The Roulette of Golubria
 27533 | WizLab   | Found a transporter.
 27633 | WizLab   | Found a corrupted altar of Lugonu.
 27688 | WizLab   | Found a transporter.
 27688 | WizLab   | Found a transporter.
 27708 | WizLab   | Found a transporter.
 27740 | WizLab   | Found a transporter.
 27773 | WizLab   | Found a transporter.
 27781 | WizLab   | Found a transporter.
 27839 | WizLab   | Found a transporter.
 27915 | WizLab   | Found a transporter.
 27923 | WizLab   | Found a corrupted altar of Lugonu.
 27927 | WizLab   | Found a transporter.
 28025 | WizLab   | Found a transporter.
 28105 | WizLab   | Found a transporter.
 28105 | WizLab   | Found a transporter.
 28128 | WizLab   | Found a transporter.
 28187 | WizLab   | Found a transporter.
 28187 | WizLab   | Found a transporter.
 28214 | WizLab   | Found a transporter.
 28214 | WizLab   | Found a transporter.
 28285 | WizLab   | Got Golubria's Discourse on the Voyage
 28286 | WizLab   | Identified the +1 cloak of Prudence {Drain Will++ Int+6}
 28291 | WizLab   | Identified the +1 cloak "Qenop" {rElec Str+2 Dex-3}
 28328 | WizLab   | Identified the +1 cloak "Wucuhea" {+Blink Will+}
 28355 | WizLab   | Found a transporter.
 28355 | WizLab   | Found a transporter.
 28785 | Vaults:1 | Noticed Zenata
 28802 | Vaults:1 | Reached XP level 19. HP: 112/161 MP: 3/30
 28802 | Vaults:1 | Killed Zenata
 28879 | Vaults:1 | Identified the +1 kite shield of Qazlal's Delight {Rampage
                  | rElec rF+ Int+3}
 28879 | Vaults:1 | Noticed Donald
 28890 | Vaults:1 | Killed Donald
 28891 | Vaults:1 | Reached skill level 15 in Invocations
 29280 | Abyss:3  | Cast into level 3 of the Abyss (vault guard)
 29405 | Abyss:3  | Noticed a bone dragon
 29422 | Abyss:3  | Killed a bone dragon
 29472 | Abyss:3  | Found a transporter.
 29479 | Abyss:3  | Noticed an ancient lich
 29552 | Abyss:3  | Killed an ancient lich
 29568 | Abyss:3  | Found a transporter.
 29573 | Abyss:3  | Got an abyssal rune of Zot
 29592 | Vaults:1 | Escaped the Abyss
 29664 | Vaults:1 | Found Etozuq's Assorted Antiques.
 29672 | Vaults:1 | Bought a fine long sword for 272 gold pieces
 29672 | Vaults:1 | Identified the +3 long sword of Grace {venom, rCorr Int+4
                  | Stlth+} (You bought it in a shop on level 1 of the Vaults)
 30052 | Vaults:2 | Found a staircase to the Crypt.
 30273 | Vaults:2 | You are sucked into a shaft and drop 1 floor!
 30934 | Vaults:3 | Identified the +1 robe of the Harvest {Regen+ Str-2 Slay+3}
 31156 | Vaults:3 | Paralysed by a great orb of eyes for 5 turns
 31269 | Vaults:3 | Reached XP level 20. HP: 170/170 MP: 7/31
 31273 | Vaults:3 | Identified the +7 broad axe of Analysis {flame, rPois Will-
                  | rCorr Str+6}
 32848 | Elf:1    | Entered Level 1 of the Elven Halls
 32885 | Elf:1    | Noticed Frances
 32908 | Elf:1    | Reached skill level 15 in Armour
 32913 | Elf:1    | Killed Frances
 33247 | Elf:1    | Paralysed by an air elemental for 1 turns
 33249 | Elf:1    | Paralysed by an air elemental for 1 turns
 33362 | Elf:1    | Noticed Louise
 33364 | Elf:1    | Killed Louise
 33573 | Elf:1    | Found Dial's Weapon Emporium.
 34079 | Elf:2    | Found a runed translucent gate.
 34081 | Elf:2    | Found a runed translucent gate.
 34084 | Elf:2    | Found a runed translucent gate.
 34890 | Elf:3    | Entered Level 3 of the Elven Halls
 34967 | Elf:3    | Found Okluka Pific's Weapon Boutique.
 34978 | Elf:3    | Found Cuxelax's Weapon Boutique.
 35088 | Elf:3    | Found Neysab's Magic Scroll Shoppe.
 35319 | Elf:3    | Reached XP level 21. HP: 162/179 MP: 4/33
 35545 | Elf:3    | Reached skill level 15 in Long Blades
 35570 | Elf:3    | Identified the +9 falchion "Muguf" {freeze, Dex+4}
 35617 | Elf:3    | Identified the ring "Juduhu" {+Blink rElec rCorr Int-2
                  | Slay+6}
 35750 | Elf:3    | Identified the +12 chain mail of the Watchman {Str+2 Int+4}
 35772 | Elf:3    | Found the -2 hat of the Alchemist {rElec rPois rF+ rC+ rN+
                  | Will+ rMut rCorr}
 35783 | Elf:3    | Got Giederec's Codex of Dynamic Breath
 35784 | Elf:3    | Identified the +0 plate armour of Beauty {rN+}
 35795 | Elf:3    | Identified the +8 hand axe "Fowkoaq" {freeze, Drain Int+6
                  | Dex-5 Stlth+}
 35797 | Elf:3    | Got the Spellbook of Momentum
 35798 | Elf:3    | Identified the +5 war axe "Kuilem" {drain, rPois rC- Int+3}
 35814 | Elf:3    | Got Sif Muna's Annotations on Congregated Glaciation
 35815 | Elf:3    | Identified the +2 pair of gloves of Lightning Storm
                  | {Rampage}
 35825 | Elf:3    | Identified the +1 plate armour "Xin Neidy" {+Blink rC-
                  | rCorr Str+6}
 35831 | Elf:3    | Identified the +1 mace "Amofonat" {spect, Str+4}
 35903 | Elf:3    | Found the ring of the Octopus King {rN+ HP+2 AC+2 EV+2
                  | SH+2}
 36159 | D:14     | You paid a toll of +3 gold dragon scales to enter a
                  | treasure trove
 36160 | Trove    | Entered a treasure trove
 36218 | Trove    | Got Sif Muna's Anthology of the Five Heavens
 36224 | Trove    | Got Sif Muna's Guidebook on Scintillating Beckoning
 36351 | Depths:1 | Entered Level 1 of the Depths
 36473 | Depths:1 | Found a one-way gate leading to the halls of Pandemonium.
 36621 | Depths:1 | Found an opulent altar of Gozag.
 36621 | Depths:1 | Noticed Asterion
 36626 | Depths:1 | Killed Asterion
 36657 | Depths:1 | Learned a level 2 spell: Blink
 36662 | Depths:1 | Learned a level 4 spell: Animate Dead
 36669 | Depths:1 | Found a one-way gate to the infinite horrors of the Abyss.
 36757 | Depths:1 | Found a one-way gateway to a ziggurat.
 36767 | Depths:1 | Reached skill level 5 in Evocations
 36852 | Depths:1 | Found a gateway to Hell.
 37055 | Depths:1 | Noticed Mara
 37070 | Depths:1 | Killed Mara
 37285 | Depths:2 | Noticed a golden dragon
 37295 | Depths:2 | Killed a golden dragon
 37434 | Depths:2 | Noticed a golden dragon
 37443 | Depths:2 | Killed a golden dragon
 37448 | Depths:2 | Noticed a golden dragon
 37458 | Depths:2 | Reached skill level 5 in Dodging
 37458 | Depths:2 | Killed a golden dragon
 37835 | Depths:2 | Identified the +6 mace of Roclef {speed, Dex+4}
 37961 | Depths:2 | Reached XP level 22. HP: 188/188 MP: 3/34
 38047 | Depths:2 | Reached skill level 1 in Spellcasting
 38188 | Depths:2 | Reached skill level 1 in Translocations
 38309 | Depths:3 | Noticed a golden dragon
 38313 | Depths:3 | Noticed a juggernaut
 38314 | Depths:3 | Killed a golden dragon
 38318 | Depths:3 | Noticed a golden dragon
 38319 | Depths:3 | Killed a juggernaut
 38328 | Depths:3 | Killed a golden dragon
 38357 | Depths:3 | Noticed a juggernaut
 38359 | Depths:3 | Noticed a juggernaut
 38366 | Depths:3 | Killed a juggernaut
 38785 | Depths:3 | Reached skill level 5 in Spellcasting
 38804 | Depths:3 | Reached skill level 10 in Shields
 38905 | Depths:3 | Found a sparkling altar of Nemelex Xobeh.
 39327 | Depths:4 | Entered Level 4 of the Depths
 39375 | Depths:4 | Found Vudiggis's Armour Shoppe.
 39506 | Depths:4 | Found a flickering gateway to a bazaar.
 39530 | Bazaar   | Entered a bazaar
 39531 | Bazaar   | Found Zuongiaw's Weapon Shop.
 39531 | Bazaar   | Found Fugrar's Antique Weapon Boutique.
 39532 | Bazaar   | Found Porphota's Jewellery Emporium.
 39563 | Bazaar   | Found Geimoode's Assorted Antiques.
 39571 | Bazaar   | Bought a dented citrine amulet for 100 gold pieces
 39784 | Depths:4 | Found an ancient bone altar of Kikubaaqudgha.
 39935 | Depths:4 | Noticed a juggernaut
 39943 | Depths:4 | Killed a juggernaut
 40043 | Depths:4 | Noticed a juggernaut
 40051 | Depths:4 | Killed a juggernaut
 40260 | Depths:4 | Found a gate to the Realm of Zot.
 40511 | Crypt:1  | Entered Level 1 of the Crypt
 40523 | Crypt:1  | Reached XP level 23. HP: 196/196 MP: 2/35
 40523 | Crypt:1  | Noticed Grunn
 40548 | Vaults:2 | Reached skill level 1 in Necromancy
 40565 | Vaults:2 | Learned a level 4 spell: Manifold Assault
 40569 | Vaults:2 | Learned a level 3 spell: Vampiric Draining
 40576 | Vaults:2 | Learned a level 6 spell: Death Channel
 40876 | Crypt:1  | Killed Grunn
 41160 | Crypt:1  | Found a runed translucent gate.
 41160 | Crypt:1  | Found a runed translucent gate.
 41160 | Crypt:1  | Found a runed translucent gate.
 41160 | Crypt:1  | Noticed Zivuv's ghost (veteran FoFi)
 41199 | Crypt:1  | Reached skill level 5 in Translocations
 41204 | Crypt:1  | Killed Zivuv's ghost
 41217 | Crypt:1  | Identified the ring of Generosity {rPois rC+ AC+4}
 41219 | Crypt:1  | Identified the ring "Icuitamm" {+Blink Fly Int+3}
 41350 | Crypt:1  | Found a burning altar of Makhleb.
 41964 | Crypt:2  | Noticed a royal mummy
 41969 | Crypt:2  | Noticed Khufu
 42273 | Crypt:2  | Killed a royal mummy
 42302 | Crypt:2  | Killed Khufu
 42465 | Crypt:3  | Entered Level 3 of the Crypt
 42556 | Crypt:3  | Identified the +2 leather armour of Pride {Regen+}
 42593 | Crypt:3  | Reached skill level 10 in Dodging
 42858 | Crypt:3  | Reached skill level 10 in Spellcasting
 43040 | Crypt:3  | Found a staircase to the Tomb.
 43256 | Crypt:3  | Reached skill level 5 in Necromancy
 43500 | Crypt:3  | Found a basalt altar of Yredelemnul.
 43504 | Crypt:3  | Noticed a curse toe
 43514 | Crypt:3  | Killed a curse toe
 43554 | Crypt:3  | Found an ancient bone altar of Kikubaaqudgha.
 43562 | Crypt:3  | Found the +8 mithril axe "Arga" {speed, Will+}
 43576 | Crypt:3  | Identified the amulet "Folosyeq" {+Blink Regen+ Dex+4}
 43690 | Crypt:3  | Got Kikubaaqudgha's Octavo of the Cemetery
 43766 | Crypt:3  | Noticed Mennas
 43779 | Crypt:3  | Killed Mennas
 43780 | Crypt:3  | Reached XP level 24. HP: 157/206 MP: 2/38
 44098 | Vaults:5 | Entered Level 5 of the Vaults
 44153 | Vaults:5 | Identified the +8 broad axe of the Seven Wars {flame, rPois
                  | rC+ rCorr}
 44216 | Vaults:5 | Noticed an ancient lich
 44228 | Vaults:5 | Killed an ancient lich
 44456 | Vaults:5 | Reached skill level 10 in Translocations
 44634 | Vaults:5 | Noticed a dread lich
 44650 | Vaults:5 | Killed a dread lich
 44658 | Vaults:5 | Learned a level 4 spell: Passage of Golubria
 44661 | Vaults:5 | Learned a level 2 spell: Lesser Beckoning
 44666 | Vaults:5 | Learned a level 4 spell: Anguish
 44670 | Vaults:5 | Learned a level 3 spell: Vhi's Electric Charge
 44674 | Vaults:5 | Learned a level 3 spell: Teleport Other
 44775 | Vaults:5 | Reached skill level 1 in Hexes
 44831 | Vaults:5 | Reached skill level 15 in Spellcasting
 44841 | Vaults:5 | Reached skill level 1 in Air Magic
 44938 | Vaults:5 | Identified the +6 short sword of Guile {drain, *Noise rF+
                  | rCorr Dex+4}
 45034 | Vaults:5 | Identified the +0 cloak of Kumnoh {Dex+4}
 45034 | Vaults:5 | Found the amulet of the Air {Inacc Air Fly rElec RMsl}
 45046 | Vaults:5 | Identified the amulet "Wyh Sem" {Acrobat Harm rF+ Regen+}
 45109 | Vaults:5 | Got the Encyclopedia of the Five Visions
 45127 | Vaults:5 | Acquired 644 gold pieces
 45159 | Vaults:5 | Noticed an ancient lich
 45167 | Vaults:5 | Killed an ancient lich
 45203 | Vaults:5 | Identified the +4 flail of the Sun {venom, rElec rC+ Will+
                  | MP+9}
 45214 | Vaults:5 | Identified the +0 pair of boots of the Tired Friars {rPois
                  | rCorr MP+9 Dex+3}
 45291 | Vaults:5 | Identified the ring "Bocef" {Str+2 Int+2 Dex-4 Slay+4}
 45455 | Vaults:5 | Got a silver rune of Zot
 45456 | Vaults:5 | Identified the +4 great mace of the Hero {freeze, rPois
                  | Int+2}
 45830 | Slime:1  | Entered Level 1 of the Pits of Slime
 46453 | Slime:2  | Reached XP level 25. HP: 213/213 MP: 27/42
 47066 | Slime:3  | Reached skill level 10 in Necromancy
 48199 | Slime:5  | Entered Level 5 of the Pits of Slime
 48280 | Slime:5  | Found a viscous altar of Jiyva.
 48280 | Slime:5  | Found the +10 Black Knight's barding {ponderous, rPois rN+}
 48281 | Slime:5  | Noticed the Royal Jelly
 48298 | Slime:5  | Killed the Royal Jelly
 48358 | Slime:5  | Got a slimy rune of Zot
 48371 | Slime:5  | Identified the +8 rapier of Luxury {holy, rElec rC- Will+
                  | Int+6}
 48373 | Slime:5  | Identified the amulet of Linearity {Fragile rPois rF+
                  | Regen+ Str+3}
 48405 | Slime:5  | Identified the +7 crystal plate armour "Idghirchymm" {Will-
                  | Regen+ rCorr Str-4}
 48435 | Slime:5  | Identified the +8 falchion "Roliptix" {pain, rElec rC-
                  | Str+2}
 49109 | Zot:1    | Entered Level 1 of the Realm of Zot
 49402 | Zot:1    | You are sucked into a shaft and drop 1 floor!
 49490 | Zot:2    | Identified the +6 scimitar of Givoraid {flame, Will+ Dex+3
                  | Stlth+}
 49711 | Zot:1    | Acquired the ring "Wuehiokuf" {rElec rF+ Dex+4 Stlth-}
 49848 | Zot:1    | Reached XP level 26. HP: 219/222 MP: 4/43
 51252 | Zot:3    | Acquired the +3 pair of gauntlets of War {Slay+5}
 51252 | Zot:3    | Found the +3 pair of gauntlets of War {Slay+5}
 51340 | Zot:3    | Noticed an ancient lich
 51347 | Zot:3    | Killed an ancient lich
 52124 | Zot:5    | Entered Level 5 of the Realm of Zot
 52450 | Zot:5    | Noticed an ancient lich
 52494 | Zot:5    | Killed an ancient lich
 52505 | Zot:5    | Noticed a dread lich
 52505 | Zot:5    | Noticed a dread lich
 52510 | Zot:5    | Noticed an orb of fire
 52514 | Zot:5    | Noticed an orb of fire
 52522 | Zot:5    | Noticed an orb of fire
 52523 | Zot:5    | Killed a dread lich
 52535 | Zot:5    | Noticed an orb of fire
 52538 | Zot:5    | Noticed an orb of fire
 52539 | Zot:5    | Noticed an orb of fire
 52541 | Zot:5    | Noticed an orb of fire
 52542 | Zot:5    | Noticed an orb of fire
 52542 | Zot:5    | HP: 4/226 [orb of fire/bolt of fire (19)]
 52723 | Zot:4    | Killed an orb of fire
 52900 | Zot:5    | Killed an orb of fire
 52942 | Zot:5    | Killed an orb of fire
 53017 | Zot:5    | Killed an orb of fire
 53040 | Zot:5    | Reached XP level 27. HP: 231/231 MP: 16/45
 53328 | Zot:5    | Killed an orb of fire
 53530 | Zot:5    | Killed a dread lich
 53559 | Zot:5    | Killed an orb of fire
 53614 | Zot:5    | Killed an orb of fire
 53639 | Zot:5    | Killed an orb of fire
 54328 | Hell     | Entered the Vestibule of Hell
 54328 | Hell     | Noticed Geryon
 54755 | Hell     | Killed Geryon
 55058 | Hell     | Found a gateway to the Iron City of Dis.
 55177 | Hell     | Found a gateway to the freezing wastes of Cocytus.
 55266 | Hell     | Found a gateway to the decaying netherworld of Tartarus.
 55317 | Hell     | Found a gateway to the ashen valley of Gehenna.
 55444 | Pan      | Entered Pandemonium
 55858 | Pan      | Identified the +6 glaive of the Spinneret {drain, Contam
                  | rC+ Will+ Str+4}
 55935 | Pan      | Found an exit through the horrors of the Abyss.
 56163 | Pan      | Noticed Tossizyh the pandemonium lord
 56181 | Pan      | Killed Tossizyh the pandemonium lord
 56831 | Pan      | Found an exit through the horrors of the Abyss.
 56998 | Pan      | Found a huge runed translucent gate.
 57006 | Pan      | Found a huge runed translucent gate.
 57008 | Pan      | Found a huge runed translucent gate.
 57008 | Pan      | Found a huge runed translucent gate.
 57008 | Pan      | Found a huge runed translucent gate.
 57008 | Pan      | Found a huge runed translucent gate.
 57009 | Pan      | Found a huge runed translucent gate.
 57015 | Pan      | Noticed Anink the pandemonium lord
 57021 | Pan      | Killed Anink the pandemonium lord
 57647 | Pan      | Found a runed translucent door.
 58030 | Pan      | Noticed Ytipt the pandemonium lord
 58043 | Pan      | Killed Ytipt the pandemonium lord
 58204 | Pan      | Noticed Gaorox the pandemonium lord
 58258 | Pan      | Killed Gaorox the pandemonium lord
 58438 | Pan      | Reached skill level 15 in Dodging
 58455 | Pan      | Identified the +1 plate armour of the Monk {Int+2}
 59100 | Pan      | Found a runed translucent door.
 59153 | Pan      | Noticed Cimnump the pandemonium lord
 59176 | Pan      | Killed Cimnump the pandemonium lord
 59351 | Pan      | Noticed Azosaj the pandemonium lord
 59367 | Pan      | Killed Azosaj the pandemonium lord
 59404 | Pan      | Identified the ring "Nyuf" {rPois Dex+6 Stlth+}
 59479 | Pan      | Entered the realm of Lom Lobon.
 59490 | Pan      | Learned a level 1 spell: Apportation
 59669 | Pan      | Noticed Lom Lobon
 59720 | Pan      | Got a magical rune of Zot
 59910 | Pan      | Killed Lom Lobon
 60534 | Pan      | Reached skill level 15 in Necromancy
 60627 | Pan      | Learned a level 4 spell: Dispel Undead
 60883 | Pan      | Entered the realm of Mnoleg.
 60883 | Pan      | Noticed Mnoleg
 60913 | Pan      | Got a glowing rune of Zot
 61219 | Pan      | Learned a level 5 spell: Borgnjor's Vile Clutch
 61553 | Pan      | Killed Mnoleg
 62026 | Pan      | Entered the realm of Cerebov.
 62199 | Pan      | Found an exit through the horrors of the Abyss.
 62292 | Pan      | Found the +6 sword of Cerebov {flame}
 62292 | Pan      | Noticed Cerebov
 62299 | Pan      | Identified the +6 battleaxe of Departure {drain, Int+5}
 62647 | Pan      | Identified the +0 great sword "Ogreslayer" {flame, Str+3
                  | Stlth+}
 62647 | Pan      | Identified the ring of Suspicion {rC+ Will+ Str+3}
 62652 | Pan      | Identified the ring of the Enemy {rC+ Int+2 Dex+2}
 62913 | Pan      | Reached skill level 1 in Earth Magic
 62981 | Pan      | Killed Cerebov
 63016 | Pan      | Identified the +0 pair of gloves "Seffum" {Rampage Str+3
                  | Dex+2}
 63071 | Pan      | Identified the +0 plate armour "Rifaeps" {rF+ Will+ Str+2}
 63123 | Pan      | Got the Meditations on Petrified Venom
 63145 | Pan      | Got a fiery rune of Zot
 63255 | Pan      | Took an exit into the Abyss.
 63255 | Abyss:3  | Escaped into the Abyss
 63258 | Abyss:3  | Found a corrupted altar of Lugonu.
 63259 | Abyss:3  | Found a corrupted altar of Lugonu.
 63384 | Abyss:3  | Found a corrupted altar of Lugonu.
 63384 | Abyss:3  | Found a corrupted altar of Lugonu.
 63399 | Depths:3 | Escaped the Abyss
 63463 | Geh:1    | Entered Level 1 of Gehenna
 63617 | Geh:1    | Noticed an ancient lich
 63632 | Geh:1    | Killed an ancient lich
 64702 | Geh:4    | Learned a level 8 spell: Infestation
 64708 | Geh:4    | Learned a level 5 spell: Summon Forest
 64709 | Geh:5    | Noticed an ancient lich
 64718 | Geh:5    | Killed an ancient lich
 64826 | Geh:5    | Reached skill level 1 in Summonings
 65211 | Geh:7    | Entered Level 7 of Gehenna
 65818 | Geh:7    | Noticed the Serpent of Hell
 65834 | Geh:7    | Killed the Serpent of Hell
 66496 | Geh:7    | Got the Vellum of Wounds and Earth
 66497 | Geh:7    | Identified the +13 crystal plate armour "Kippisch" {Str+2}
 66535 | Geh:7    | Found the +7 sceptre of Asmodeus
 66535 | Geh:7    | Noticed Asmodeus
 66565 | Geh:7    | Killed Asmodeus
 66708 | Geh:7    | Identified the +0 plate armour of Fuhyw {Rampage +Blink
                  | Int-5}
 66712 | Geh:7    | Identified the amulet "Maiggeh" {Spirit Harm Int+4 Dex+3}
 66725 | Geh:7    | Got an obsidian rune of Zot
 66743 | Geh:7    | Identified the +4 fire dragon scales "Facelimam" {rF++ rC-
                  | Str+2}
 66960 | Depths:3 | Upgraded the game from 0.30-a0-737-gf23d94013f to
                  | 0.30-a0-738-g116ff8c4af
 66988 | Pan      | Entered the realm of Gloorx Vloq.
 66988 | Pan      | Entered Pandemonium
 67110 | Pan      | Found an exit through the horrors of the Abyss.
 67114 | Pan      | Reached skill level 15 in Shields
 67221 | Pan      | Identified the +1 robe of Mefiuhoi {+Inv rC- Int+8 Dex-3}
 67703 | Pan      | Noticed Gloorx Vloq
 67871 | Pan      | Killed Gloorx Vloq
 67886 | Pan      | Got a dark rune of Zot
 68035 | Pan      | Noticed Uwuplopn the pandemonium lord
 68053 | Pan      | Killed Uwuplopn the pandemonium lord
 68157 | Pan      | Identified the +2 leather armour "Lumex Coipi" {rN+++ Will-
                  | rCorr SInv}
 68220 | Pan      | Noticed Ignacio
 68608 | Pan      | Killed Ignacio
 68662 | Pan      | Found an exit through the horrors of the Abyss.
 68723 | Pan      | Identified the +5 chain mail of Zoprol {rN+ rCorr Dex+3}
 68777 | Pan      | Noticed Zototoar the pandemonium lord
 69161 | Pan      | Killed Zototoar the pandemonium lord
 69278 | Pan      | Got a demonic rune of Zot
 69349 | Pan      | Took an exit into the Abyss.
 69349 | Abyss:3  | Escaped into the Abyss
 69349 | Abyss:3  | Found a corrupted altar of Lugonu.
 69419 | Abyss:3  | Found a corrupted altar of Lugonu.
 69684 | Abyss:3  | Found a corrupted altar of Lugonu.
 69846 | Abyss:3  | Found a corrupted altar of Lugonu.
 69890 | Depths:3 | Escaped the Abyss
 69978 | Tar:1    | Entered Level 1 of Tartarus
 71108 | Tar:4    | You are sucked into a shaft and drop 2 floors!
 71232 | Tar:7    | Entered Level 7 of Tartarus
 71969 | Tar:7    | Identified the +4 ring mail of Orit {Rampage rPois rF-}
 72112 | Tar:7    | Identified the amulet "Xamutof" {Spirit Int-5 Dex+3}
 72727 | Tar:7    | Identified the +5 mace of Tenacity {heavy, Str+2 Int+3}
 72806 | Tar:7    | Noticed Ereshkigal
 72841 | Tar:7    | Killed Ereshkigal
 72867 | Tar:7    | Got a bone rune of Zot
 73476 | Coc:1    | Entered Level 1 of Cocytus
 73483 | Coc:1    | Paralysed by a wendigo for 1 turns
 74167 | Coc:4    | Noticed a dread lich
 74177 | Coc:4    | Killed a dread lich
 74186 | Coc:4    | Paralysed by a wendigo for 1 turns
 74660 | Coc:6    | Paralysed by a wendigo for 1 turns
 74856 | Coc:7    | Entered Level 7 of Cocytus
 75348 | Coc:7    | Noticed a dread lich
 75371 | Coc:7    | Paralysed by a wendigo for 1 turns
 75397 | Coc:7    | Paralysed by a wendigo for 1 turns
 75416 | Coc:7    | Killed a dread lich
 75544 | Coc:7    | Noticed Antaeus
 75563 | Coc:7    | Killed Antaeus
 75629 | Coc:7    | Got an icy rune of Zot
 75821 | Hell     | Learned a level 2 spell: Passwall
 75825 | Hell     | Learned a level 3 spell: Gell's Gravitas
 75826 | Dis:1    | Entered Level 1 of the Iron City of Dis
 76351 | Dis:3    | You are sucked into a shaft and drop 1 floor!
 76547 | Dis:5    | Noticed a juggernaut
 76559 | Dis:5    | Killed a juggernaut
 77370 | Dis:6    | Noticed a royal mummy
 77377 | Dis:6    | Killed a royal mummy
 77407 | Dis:6    | Noticed a royal mummy
 77415 | Dis:6    | Killed a royal mummy
 77440 | Dis:6    | Noticed a dread lich
 77440 | Dis:6    | Noticed a dread lich
 77444 | Dis:6    | Killed a dread lich
 77444 | Dis:6    | Noticed a royal mummy
 77459 | Dis:6    | Killed a dread lich
 77595 | Dis:6    | Killed a royal mummy
 77635 | Dis:7    | Entered Level 7 of the Iron City of Dis
 78009 | Dis:7    | Noticed an ancient lich
 78018 | Dis:7    | Killed an ancient lich
 78330 | Dis:7    | Noticed a juggernaut
 78337 | Dis:7    | Killed a juggernaut
 78363 | Dis:7    | Identified the +3 leather armour of the Lotus Blossom
                  | {rElec Slay+2}
 78365 | Dis:7    | Identified the +2 hand axe "Agupp" {pain, rElec Str+2 Int+3
                  | Dex-4}
 78371 | Dis:7    | Identified the +3 leather armour of Untold Secrets {rPois}
 78942 | Dis:7    | HP: 11/248 [iron giant/iron shot (73)]
 80473 | Dis:7    | Found the +4 staff of Dispater
 80473 | Dis:7    | Noticed Dispater
 80477 | Dis:7    | Noticed a juggernaut
 80487 | Dis:7    | Killed a juggernaut
 80498 | Dis:7    | Killed Dispater
 80545 | Dis:7    | Got an iron rune of Zot
 80547 | Dis:7    | Identified the +6 mace of the Bouncing Wonders {venom,
                  | *Rage rC+ SInv}
 80734 | Depths:3 | Learned a level 7 spell: Haunt
 80805 | Zig:1    | Entered Level 1 of a ziggurat
 80862 | Zig:2    | Entered Level 2 of a ziggurat
 80944 | Zig:3    | Entered Level 3 of a ziggurat
 81029 | Zig:4    | Entered Level 4 of a ziggurat
 81112 | Zig:5    | Entered Level 5 of a ziggurat
 81127 | Zig:5    | Identified the +0 mace of a Million Demons {flame, Will-
                  | Str+3 Dex+4}
 81195 | Zig:6    | Entered Level 6 of a ziggurat
 81205 | Zig:6    | Noticed a juggernaut
 81207 | Zig:6    | Killed a juggernaut
 81218 | Zig:6    | Identified the +8 rapier "Noupn" {drain, *Noise Will+
                  | Str+2}
 81328 | Zig:7    | Entered Level 7 of a ziggurat
 81450 | Zig:8    | Entered Level 8 of a ziggurat
 81491 | Zig:8    | Identified the ring of Qazlal's Pride {Fly rCorr EV+5
                  | Int-2}
 81585 | Zig:9    | Entered Level 9 of a ziggurat
 81618 | Zig:9    | Identified the ring of the Frog {MP+9 Str+6 Slay+2 Stlth-}
 81625 | Zig:9    | Identified the +0 pair of gloves "Rehitin" {Str+6}
 81726 | Zig:10   | Entered Level 10 of a ziggurat
 81762 | Zig:10   | Got the Handbook of the Tundra and Envenoming
 81774 | Zig:10   | Identified the +0 robe "Dupsuet" {Int+4}
 81925 | Zig:11   | Entered Level 11 of a ziggurat
 82108 | Zig:11   | Identified the +10 rapier "Baefanua" {speed, Int-2 Dex+5}
 82110 | Zig:11   | Identified the +0 chain mail "Uthredod" {Str+4}
 82128 | Zig:12   | Entered Level 12 of a ziggurat
 82148 | Zig:12   | Reached skill level 27 in Fighting
 82151 | Zig:12   | Found the +6 lightning scales {swift, rElec}
 82180 | Zig:12   | Got the Codex of Mustering and the Shift
 82182 | Zig:12   | Identified the +0 leather armour "Gukliana" {rF+}
 82194 | Zig:12   | Identified the +6 spear "Dataut" {freeze, Dex+6}
 82307 | Zig:13   | Entered Level 13 of a ziggurat
 82371 | Zig:13   | Identified the +2 triple sword of Infinity {venom, Int+3
                  | Dex+2 Stlth+}
 82486 | Zig:14   | Entered Level 14 of a ziggurat
 82508 | Zig:14   | Reached skill level 5 in Summonings
 82540 | Zig:14   | Identified the +8 scimitar "Xirais" {pain, rElec}
 82546 | Zig:14   | Identified the ring of Gitunug {rF+ rC+ Dex+3 Slay+2}
 82655 | Zig:15   | Entered Level 15 of a ziggurat
 82888 | Zig:15   | Identified the ring of the Worm {rPois Will- Int+6 Dex+6}
 83221 | Tomb:1   | Entered Level 1 of the Tomb of the Ancients
 83346 | Tomb:1   | Noticed a royal mummy
 83353 | Tomb:1   | Killed a royal mummy
 83376 | Tomb:1   | Noticed a royal mummy
 83380 | Tomb:1   | Killed a royal mummy
 83848 | Tomb:2   | Noticed a royal mummy
 83848 | Tomb:2   | Noticed a royal mummy
 83853 | Tomb:2   | Noticed a royal mummy
 83855 | Tomb:2   | Noticed a royal mummy
 83859 | Tomb:2   | Killed a royal mummy
 83867 | Tomb:2   | Killed a royal mummy
 83871 | Tomb:2   | Killed a royal mummy
 83878 | Tomb:2   | Killed a royal mummy
 84417 | Tomb:1   | Noticed a royal mummy
 84417 | Tomb:1   | Noticed a royal mummy
 84421 | Tomb:1   | Noticed a royal mummy
 84421 | Tomb:1   | Killed a royal mummy
 84425 | Tomb:1   | Killed a royal mummy
 84427 | Tomb:1   | Killed a royal mummy
 84433 | Tomb:1   | Noticed a royal mummy
 84448 | Tomb:1   | Killed a royal mummy
 84497 | Tomb:1   | Noticed a royal mummy
 84504 | Tomb:1   | Noticed a royal mummy
 84506 | Tomb:1   | Killed a royal mummy
 84512 | Tomb:1   | Killed a royal mummy
 84519 | Tomb:1   | Noticed a royal mummy
 84519 | Tomb:1   | Noticed a royal mummy
 84523 | Tomb:1   | Noticed a royal mummy
 84524 | Tomb:1   | Killed a royal mummy
 84525 | Tomb:1   | Noticed a royal mummy
 84529 | Tomb:1   | Killed a royal mummy
 84534 | Tomb:1   | Killed a royal mummy
 84536 | Tomb:1   | Killed a royal mummy
 84561 | Tomb:1   | Noticed a royal mummy
 84567 | Tomb:1   | Killed a royal mummy
 84596 | Tomb:1   | Noticed a royal mummy
 84600 | Tomb:1   | Killed a royal mummy
 84601 | Tomb:1   | Reached skill level 27 in Spellcasting
 85046 | Tomb:3   | Entered Level 3 of the Tomb of the Ancients
 85060 | Tomb:3   | Noticed a royal mummy
 85060 | Tomb:3   | Noticed a royal mummy
 85064 | Tomb:3   | Noticed a royal mummy
 85071 | Tomb:3   | Noticed a royal mummy
 85084 | Tomb:3   | Killed a royal mummy
 85084 | Tomb:3   | Killed a royal mummy
 85085 | Tomb:3   | Killed a royal mummy
 85090 | Tomb:3   | Killed a royal mummy
 85093 | Tomb:3   | Noticed a royal mummy
 85096 | Tomb:3   | Noticed a royal mummy
 85101 | Tomb:3   | Killed a royal mummy
 85107 | Tomb:3   | Killed a royal mummy
 85121 | Tomb:3   | Noticed a royal mummy
 85131 | Tomb:3   | Killed a royal mummy
 85494 | Tomb:3   | Noticed a royal mummy
 85501 | Tomb:3   | Killed a royal mummy
 85502 | Tomb:3   | Noticed a royal mummy
 85511 | Tomb:3   | Killed a royal mummy
 85679 | Tomb:3   | Got a golden rune of Zot
 85738 | Tomb:3   | Found the +11 Singing Sword {sonic wave}
 85739 | Tomb:3   | Found the +7 captain's cutlass {speed, disarm}
 85748 | Tomb:3   | Identified the amulet of Zevvaiq {RegenMP Will+ Str+4}
 85753 | Tomb:3   | Identified the ring "Zyzisibi" {rC++ rCorr AC+4}
 85757 | Tomb:3   | Identified the +1 leather armour of Laos {Harm rPois Regen+
                  | MP-9}
 85778 | Tomb:3   | Identified the ring of Doors {rF++ SInv}
 85787 | Tomb:3   | Identified the +0 leather armour of the Insatiable Xeniums
                  | {rC++}
 85803 | Tomb:3   | Identified the +0 scale mail of Dogma {Regen+}
 85807 | Tomb:3   | Identified the +2 trident of the Briny Deep {flame, *Noise
                  | rF+ rC+}
 85814 | Tomb:3   | Got the Folio of Arcane Weapons and Excavation
 86514 | Zot:5    | Got the Orb of Zot
 86865 | D:11     | Noticed Cyeph the pandemonium lord
 87063 | D:$      | Escaped with the Orb!

Illustrated notes

Levels and vault maps discovered:
D:1:      dpeg_arrival_morbid_curiosity, layout_basic
D:2:      layout_rooms, serial_shops, nicolae_shop_advertising_works
          [nicolae_subvault_shop_adworks], nicolae_shop_crystal, basic_altar
D:3:      layout_loops_ring, shapermc_ecumenical_altar_totnotflames,
          grunt_decor_mini_mirrors, corexii_hall_statues_deadend
D:4:      layout_basic, nicolae_shop_clearance
D:5:      layout_basic, lightli_temple_of_fire, vehumet_altar_wand_db,
          chequers_serial_rivers_micro_a, minivault_24
D:6:      layout_gridville, mainiacjoe_overflow_boulevard,
          minmay_temple_entry_nine_rooms
D:7:      layout_basic, nicolae_hepliaklqana_hippocampus, minmay_starry_boxes
D:8:      layout_cave_pods, serial_ice, serial_ice_i, serial_ice_a,
          serial_ice_m, serial_ice_g, serial_ice_c, serial_ice_o, uniq_erica
D:9:      layout_gridville, orc_0_dummy, nicolae_wooded_promenade
D:10:     layout_roguey, chequers_temple_overflow_minitemple, xom_teletrap_fun,
          enter_bailey_8, uniq_harold, uniq_maggie
D:11:     layout_rooms, lair_entry_dummy
D:12:     minmay_the_grid_four_pointed_star
          [minmay_the_grid_triangle_9x9_minimal,
          minmay_the_grid_triangle_9x9_sprig,
          minmay_the_grid_triangle_9x9_descending_squares,
          minmay_the_grid_triangle_9x9_odd_lines,
          minmay_the_grid_prize_trominoes], layout_cave_pods,
          portal_ice_cave_rime, serial_shops, kennysheep_little_box
D:13:     layout_roguey
D:14:     layout_basic, david_vaults_3, small_statue_intersection,
          nicolae_trove_entry_columns, nicolae_ru_the_path_less_chosen
D:15:     grunt_enter_depths_magical_seal, layout_basic, minmay_misc_feat_five,
          ashenzari_conservatory_becter
Temple:   nicolae_temple_superstar
Lair:1:   layout_regular_city, st_stairs_3, minivault_24, uniq_fannar
Lair:2:   layout_regular_city, skrybe_swamp_entry_bodies
Lair:3:   layout_loops_ring, spider_nest_entry_rubble, basic_altar,
          gammafunk_lair_bear_cave
Lair:4:   beast_lair_carwin_large_1, layout_hall_layers,
          minmay_slime_entry_oklob_open
Lair:5:   grunt_lair_end_beastmaster, layout_loops_ring, uniq_josephine
Swamp:1:  layout_basic_swamp, gammafunk_ghost_arena, hangedman_swamp_pad,
          swamp_pool1
Swamp:2:  layout_basic_swamp, evilmike_swamp_ruin_house_2, swamp_pool2,
          nicolae_swamp_bloodsuckers_inc
Swamp:3:  layout_basic_swamp, gammafunk_ghost_berserking_beasts,
          nicolae_swamp_treefoil, infiniplex_staircase_pool
Swamp:4:  swamp_icy, layout_basic_swamp
Spider:1: layout_cave_pods, uniq_mlioglotl, uniq_agnes, uniq_kirke
Spider:2: nicolae_spider_hilbert_zone_2 [nicolae_spider_hilbert_4_sides_1_open,
          nicolae_spider_hilbert_4_sides_1_open,
          nicolae_spider_hilbert_4_sides_1_open,
          nicolae_spider_hilbert_4_sides_1_open,
          nicolae_spider_hilbert_6_sides_1_open,
          nicolae_spider_hilbert_6_sides_1_open,
          nicolae_spider_hilbert_3_sides_1_open,
          nicolae_spider_hilbert_3_sides_1_open,
          nicolae_spider_hilbert_3_sides_1_open,
          nicolae_spider_hilbert_3_sides_1_open,
          nicolae_spider_hilbert_6_sides_1_open,
          nicolae_spider_hilbert_6_sides_1_open,
          nicolae_spider_hilbert_6_sides_1_open,
          nicolae_spider_hilbert_6_sides_1_open], nicolae_arachne_temple
Spider:3: layout_spider_delve, uniq_azrael
Spider:4: spider_rune_water, nicolae_spider_checkerboard
Slime:1:  layout_caves, nicolae_slime_getting_an_eyeful
Slime:2:  layout_caves, special_room [special_room_jelly]
Slime:3:  cheibrodos_slime_lost_civilization_1, layout_caves, special_room
          [special_room_jelly]
Slime:4:  layout_caves, cheibrodos_slime_lost_civilization_7
Slime:5
Orc:1:    layout_diamond_mine
Orc:2:    hellmonk_orc_salted, layout_diamond_mine, nicolae_specific_store
Elf:1:    nicolae_elf_arrival_fired_up, layout_loops_ring, serial_shops,
          nicolae_shop_crystal, kennysheep_underground_church, minivault_26,
          grunt_ministairs_13, uniq_louise, uniq_frances
Elf:2:    elven_hall_of_blades_hangedman_original
          [infiniplex_blade_entry_pillars], layout_geoelf_octagon,
          serial_sigils, serial_sigils_hangedman_gnaw,
          serial_sigils_hangedman_carve, serial_sigils_hangedman_confine,
          serial_sigils_hangedman_quiver
Elf:3:    minmay_elf_hall_statues, layout_geoelf_octagon, serial_shops,
          nicolae_shop_bloodbath_and_beyond, shop, nicolae_shop_hallway_stairs
Vaults:1: mu_enter_wizlab_2, grunt_vaults_diagonal, ontoclasm_vaults_chip,
          vaults_dpeg_doors, hangedman_vaults_corner_blocks,
          nicolae_vaults_ninety_degrees, nicolae_vaults_gold_heap, v_misc_19,
          v_misc_5, grunt_vaults_hallway_short, ontoclasm_vaults_tryst,
          v_misc_29, vaults_mumra_hex, v_misc_1, vaults_dpeg_encased_lava,
          layout_vaults_maze, serial_shops, nicolae_shop_hallway_plus,
          uniq_zenata, uniq_donald
Vaults:2: nicolae_vaults_puzzle_piece, v_misc_18, nicolae_vaults_circle_grid_b,
          ontoclasm_vaults_chip, minmay_crypt_entry_simple_corners,
          ontoclasm_vaults_pinch, nicolae_vaults_little_squares_5,
          ontoclasm_vaults_fault, vaults_room_hallway, vaults_room_pools,
          vaults_room_semicircle, nicolae_vaults_diagonal_hallway_8,
          layout_vaults_big_room
Vaults:3: vaults_mumra_chevron, v_alt_pattern_6, v_misc_13,
          vaults_standard_mumra_x, grunt_vaults_focal, ontoclasm_vaults_chip,
          vaults_room_pool, grunt_vaults_funnel, nicolae_vaults_specimen_jars,
          vaults_room_large_hall, ontoclasm_vaults_ring_large, vaults_mumra_lcd,
          vaults_room_hallway, layout_vaults_omnibox
Vaults:4: hangedman_vaults_corner_blocks, v_misc_16,
          vaults_room_grunt_arrival_checkpoint, nicolae_vaults_angled_halls,
          nicolae_vaults_little_ls, layout_vaults_omnigrid
Vaults:5: serial_shops
Crypt:1:  layout_gridlike, gammafunk_ghost_necromancy, nicolae_nh_vlads_tower,
          uniq_grunn
Crypt:2:  layout_regular_city, uniq_josephina, uniq_khufu
Crypt:3:  lightli_unholy_cathedral, layout_chaotic_city,
          tomb_entry_pyramid_bobbens, uniq_mennas
Tomb:1
Tomb:2
Tomb:3
Depths:1: layout_gridville, enter_ziggurat_f, hell_entry,
          rand_demon_pan_entry_8, nicolae_concentric_dashed_squares_mild,
          abyss_entry, nicolae_gozag_seed_capital, uniq_mara, uniq_asterion
Depths:2: minmay_central_circle, layout_cave_pools, lightli_too_deep,
          rand_demon_pan_entry_9, serial_bayou_shore_a
Depths:3: hangedman_cross_veins, layout_gridlike, minmay_room_of_horrors,
          rand_demon_pan_entry_7, nemelex_spade_bored_becter, hell_entry,
          hex_large
Depths:4: grunt_zot_entry_hairpin, layout_gridlike, serial_shops,
          bzr_entry_lakeside, shop, hell_entry, kiku_gazebo_garden_becter,
          grunt_megastairs_2
Hell
Dis:1:    layout_subdivisions
Dis:2:    layout_subdivisions
Dis:3:    layout_gridville
Dis:4:    layout_regular_city
Dis:5:    layout_subdivisions, nicolae_dis_step_into_the_octagon
Dis:6:    layout_overlapping_boxes, lemuel_mystery_crypt
Dis:7:    dis_st
Geh:1:    layout_gehenna_pools_box, nicolae_geh_fiery_graves
          [nicolae_geh_single_fiery_grave, nicolae_geh_single_fiery_grave,
          nicolae_geh_single_fiery_grave, nicolae_geh_single_fiery_grave,
          nicolae_geh_single_fiery_grave, nicolae_geh_single_fiery_grave,
          nicolae_geh_single_fiery_grave, nicolae_geh_single_fiery_grave,
          nicolae_geh_single_fiery_grave], gehenna_fire_generator,
          nicolae_geh_lava_lounge
Geh:2:    nicolae_geh_split_lavaduct, layout_gehenna_pools_box
Geh:3:    layout_gehenna_lava_caves
Geh:4:    layout_gehenna_pools_basic
Geh:5:    layout_gehenna_lava_caves
Geh:6:    layout_gehenna_pools_basic, nicolae_hells_seeping_fissure
Geh:7:    geh_mu
Coc:1:    layout_cocytus_delve
Coc:2:    layout_ice_bergs
Coc:3:    layout_ice_bergs
Coc:4:    layout_cocytus_water_paths
Coc:5:    layout_cocytus_delve, nicolae_coc_melting_block
Coc:6:    layout_ice_bergs
Coc:7:    coc_grunt_cove [coc_grunt_cove_antaeus, coc_grunt_cove_fiend,
          coc_grunt_cove_fiend, coc_grunt_cove_fiend, coc_grunt_cove_fiend]
Tar:1:    layout_grid_maze
Tar:2:    nicolae_tar_funeral_procession, layout_cathedral_of_symmetry
Tar:3:    layout_grid_maze
Tar:4:    layout_grid_maze, nicolae_hells_hurtin_island
Tar:6:    layout_cathedral_of_symmetry
Tar:7:    tar_mu [tar_mu_maze]
Zot:1:    kennysheep_bubbly, layout_onion_interference
Zot:2:    lemuel_draconian_sentries_small, layout_onion_interference,
          st_small_dragon_hoard_1
Zot:3:    ebering_greatest_show_in_zot, layout_misc_corridors,
          hangedman_swamp_dais
Zot:4:    layout_onion_interference
Zot:5:    layout_misc_corridors

Skill      XL: |  1  2  3  4  5  6  7  8  9 10 11 12 13 14 15 16 17 18 19 20 21 22 23 24 25 26 27 |
---------------+----------------------------------------------------------------------------------+-----
Axes           | 3 |  3.3
Fighting       | 4 5 6 7 8 9 11 12 13 14 15 16 17 18 19 20 21 22 27 | 27.0
Armour         | 2 3 4 5 6 8 9 10 11 12 13 14 15 16 17 18 24 | 24.5
Invocations    | 2 3 5 6 8 9 10 11 12 13 14 15 16 17 19 | 19.7
Polearms       | 1 3 |  3.4
Staves         | 2 4 6 7 9 |  9.8
Evocations     | 2 4 6 7 |  7.4
Long Blades    | 6 10 11 12 13 14 15 16 22 | 22.7
Shields        | 2 5 6 8 9 10 11 19 | 19.7
Dodging        | 5 8 10 11 12 13 20 | 20.7
Spellcasting   | 5 11 15 16 18 27 | 27.0
Translocations | 3 7 11 12 | 12.0
Necromancy     | 5 9 11 12 21 | 21.5
Hexes          | 3 |  3.0
Air Magic      | 2 |  2.0
Earth Magic    | 3 |  3.0
Summonings     | 7 |  7.0
Stealth        | |  1.5

Action                     |  1- 3 |  4- 6 |  7- 9 | 10-12 | 13-15 | 16-18 | 19-21 | 22-24 | 25-27 || total
---------------------------+-------+-------+-------+-------+-------+-------+-------+-------+-------++-------
  Melee: Hand axe          |   148 |    21 |       |       |       |       |       |       |       ||   169
         Whip              |       |    66 |    13 |       |       |       |       |       |       ||    79
         Punch             |       |     1 |     1 |       |     2 |       |       |       |       ||     4
         Spear             |       |       |    84 |       |       |       |       |       |       ||    84
         Quarterstaff      |       |       |    59 |   419 |   617 |       |       |       |       ||  1095
         Double sword      |       |       |       |       |   244 |   847 |   911 |  1319 |  7562 || 10883
   Fire: Sling             |       |       |       |       |       |     3 |       |       |       ||     3
  Throw: Dart              |       |     2 |     7 |       |       |       |       |       |       ||     9
   Cast: Manifold Assault  |       |       |       |       |       |       |       |    59 |  1078 ||  1137
         Animate Dead      |       |       |       |       |       |       |       |     3 |    86 ||    89
         Lesser Beckoning  |       |       |       |       |       |       |       |     1 |    12 ||    13
         Vhi's Electric Ch |       |       |       |       |       |       |       |     1 |     7 ||     8
         Blink             |       |       |       |       |       |       |       |     1 |     1 ||     2
         Vampiric Draining |       |       |       |       |       |       |       |       |    11 ||    11
         Death Channel     |       |       |       |       |       |       |       |       |   109 ||   109
         Infestation       |       |       |       |       |       |       |       |       |    96 ||    96
         Borgnjor's Vile C |       |       |       |       |       |       |       |       |    73 ||    73
         Haunt             |       |       |       |       |       |       |       |       |     5 ||     5
         Summon Forest     |       |       |       |       |       |       |       |       |     4 ||     4
         Apportation       |       |       |       |       |       |       |       |       |     3 ||     3
         Passage of Golubr |       |       |       |       |       |       |       |       |     2 ||     2
 Invoke: Minor Destruction |       |       |    90 |   175 |   221 |   213 |    17 |     7 |     6 ||   729
         Lesser Servant of |       |       |     2 |     5 |     2 |     5 |       |       |       ||    14
         Major Destruction |       |       |       |    33 |   136 |   217 |   173 |   137 |   358 ||  1054
         Greater Servant o |       |       |       |       |       |     4 |     7 |     7 |    33 ||    51
Ability: Evoke Blink       |       |       |       |       |     1 |       |       |       |       ||     1
  Evoke: Wand              |       |     4 |       |     2 |     2 |     1 |     3 |       |    48 ||    60
         Box of beasts     |       |       |       |       |       |     1 |     1 |       |    12 ||    14
         Phantom mirror    |       |       |       |       |       |     1 |     1 |       |    12 ||    14
         Condenser vane    |       |       |       |       |       |     1 |       |       |     4 ||     5
         Tin of tremorston |       |       |       |       |       |       |       |     4 |     9 ||    13
         Lightning rod     |       |       |       |       |       |       |       |       |     8 ||     8
         Horn of Geryon    |       |       |       |       |       |       |       |       |    11 ||    11
    Use: Scroll            |       |     3 |     6 |    12 |     6 |    14 |     8 |     9 |    67 ||   125
   Stab: Sleeping          |     3 |     1 |       |       |       |       |       |       |       ||     4
         Distracted        |       |     1 |       |     3 |       |     2 |     4 |     6 |    94 ||   110
         Paralysed         |       |       |       |     1 |     1 |       |       |       |       ||     2
         Confused          |       |       |       |       |     3 |       |     1 |       |       ||     4
         Petrifying        |       |       |       |       |     2 |       |       |       |       ||     2
         Betrayed ally     |       |       |       |       |       |     1 |       |       |       ||     1
 Armour: Robe              |    19 |       |       |       |       |       |       |       |       ||    19
         Ring mail         |     5 |     6 |       |       |       |       |       |       |       ||    11
         Leather armour    |     5 |       |       |       |       |       |       |       |       ||     5
         Chain mail        |       |    33 |    14 |       |       |       |   100 |   666 |  2259 ||  3072
         Plate armour      |       |       |    56 |    28 |       |       |       |       |       ||    84
         Gold dragon scale |       |       |       |   315 |   712 |   973 |   396 |       |       ||  2396
  Dodge: Dodged            |    90 |    39 |    39 |   101 |   183 |   210 |   147 |   444 |  2727 ||  3980
  Block: Buckler           |       |       |       |       |     3 |   359 |     6 |       |       ||   368
         Kite shield       |       |       |       |       |       |       |   444 |   805 |  3644 ||  4893

Table legend: (Time is in decaauts)
 A = Elapsed time spent in this place.
 B = Non-inter-level travel time spent in this place.
 C = Inter-level travel time spent in this place.
 D = Time resting spent in this place.
 E = Time spent auto-exploring this place.
 F = Levels seen in this place.
 G = Mean time per level.
                   A        B        C        D        E       F      G
               +--------+--------+--------+--------+--------+-----+--------+
         Total |  85761 |  77990 |   7771 |  10418 |  34744 | 128 |  670.0 |
       Dungeon |  13924 |  11775 |   2149 |    593 |   7759 |  15 |  928.3 |
        Temple |    131 |    114 |     17 |      0 |    100 |   1 |  131.0 |
          Lair |   5492 |   4683 |    809 |    189 |   3162 |   5 | 1098.4 |
         Swamp |   3156 |   2914 |    242 |    219 |   1623 |   4 |  789.0 |
   Spider Nest |   3964 |   3676 |    288 |    455 |   1730 |   4 |  991.0 |
    Slime Pits |   2908 |   2687 |    221 |    130 |   1884 |   5 |  581.6 |
  Orcish Mines |   1699 |   1564 |    135 |     51 |    999 |   2 |  849.5 |
   Elven Halls |   3081 |   2925 |    156 |    374 |   1450 |   3 | 1027.0 |
        Vaults |   6231 |   5511 |    720 |    382 |   3410 |   5 | 1246.2 |
         Crypt |   3342 |   2853 |    489 |    409 |   1442 |   3 | 1114.0 |
          Tomb |   2834 |   2517 |    317 |    741 |    676 |   3 |  944.7 |
        Depths |   5028 |   4193 |    835 |    619 |   2114 |   4 | 1257.0 |
          Hell |   1038 |    873 |    165 |    282 |    188 |   1 | 1038.0 |
           Dis |   4731 |   4493 |    238 |   1380 |    660 |   7 |  675.9 |
       Gehenna |   3340 |   3029 |    311 |    498 |    610 |   7 |  477.1 |
       Cocytus |   2204 |   2053 |    151 |    141 |    632 |   7 |  314.9 |
      Tartarus |   3119 |   2926 |    193 |    581 |   1193 |   6 |  519.8 |
           Zot |   5173 |   4844 |    329 |    704 |   1824 |   5 | 1034.6 |
         Abyss |    967 |    967 |      0 |     61 |    293 |   3 |  322.3 |
   Pandemonium |   9778 |   9778 |      0 |   1386 |   2628 |  18 |  543.2 |
      Ziggurat |   2048 |   2048 |      0 |   1091 |      0 |  15 |  136.5 |
        Bazaar |     50 |     50 |      0 |      0 |     36 |   1 |   50.0 |
         Trove |     81 |     81 |      0 |      0 |     13 |   1 |   81.0 |
        Bailey |    363 |    363 |      0 |      0 |     18 |   1 |  363.0 |
      Ice Cave |    180 |    180 |      0 |     13 |      0 |   1 |  180.0 |
        Wizlab |    888 |    888 |      0 |    117 |    299 |   1 |  888.0 |
               +--------+--------+--------+--------+--------+-----+--------+

Top non-repeatable levels by time:
   Dis:7: 2981 daAuts
   Tar:7: 2145 daAuts
   Zot:5: 1782 daAuts
Depths:4: 1761 daAuts
   Geh:7: 1658 daAuts
 Crypt:3: 1516 daAuts
Vaults:1: 1390 daAuts
Vaults:5: 1388 daAuts
     D:4: 1369 daAuts
Vaults:2: 1352 daAuts
Depths:3: 1257 daAuts
  Lair:4: 1253 daAuts
     D:1: 1249 daAuts
Spider:4: 1230 daAuts
  Lair:2: 1229 daAuts
